 Dungeon Crawl Stone Soup version 0.25-a0-200-g5ba96148f3 (webtiles) character file.

Game seed: 2397086418231770399, levelgen mode: deterministic

1184236 mortelune the Conqueror (level 27, -1/300 HPs)
             Began as a Minotaur Monk on Dec 1, 2019.
             Was a High Priest of Qazlal.
             Slain by Ignacio
             ... wielding a +6 executioner's axe of pain
              (9 damage)
             ... in Pandemonium.
             The game lasted 06:19:55 (110024 turns).

mortelune the Conqueror (Minotaur Monk)           Turns: 110024, Time: 06:19:55

Health: -1/300     AC: 57    Str: 36    XL:     27
Magic:  25/38      EV: 24    Int: 17    God:    Qazlal [*****.]
Gold:   5351       SH: 21    Dex: 20    Spells: 24/58 levels left

rFire    + + +     SeeInvis +   e - +7 eudemon blade (holy)
rCold    + + +     Gourm    .   Y - +2 buckler "Rialoem" {+Inv rCorr Dex+2}
rNeg     + . .     Faith    .   f - +12 gold dragon scales
rPois    +         Spirit   .   j - +3 crown of Dyrovepreva {rElec Int+2 SInv}
rElec    +         Reflect  .   o - +0 cloak of Ycwomnuo {rF++}
rCorr    +         Harm     .   I - +0 pair of gloves "Pium" {Int+4 Slay+2}
MR       +++..                  N - +2 pair of boots of the Invisible Hand {rC++ Stlth+}
Stlth    ..........             R - amulet "Jogo" {Acrobat Int+3 Dex+5}
HPRegen  1.60/turn              w - ring "Raoqir" {Str+5 Dex+4 Slay+6}
MPRegen  0.26/turn              y - ring "Afopsi" {rF+ rN+ MR+ Str+4 Dex-5}

@: protected from physical damage, regenerating, repel missiles
A: retaliatory headbutt, beak, horns 2, slimy green scales 1, yellow scales 1,
low mp 1, robust 1, electricity resistance, no potion heal 1
}: 8/15 runes: serpentine, barnacled, slimy, silver, obsidian, bone, abyssal,
demonic
a: Upheaval, Elemental Force, Disaster Area, Renounce Religion, Evoke
Invisibility


You were in Pandemonium.
You worshipped Qazlal.
Qazlal was extremely pleased with you.
You were hungry.

You visited 15 branches of the dungeon, and saw 73 of its levels.
You visited Pandemonium 1 time, and saw 6 of its levels.
You visited the Abyss 2 times.
You completed 1 ziggurat, and saw 27 of its levels.
You also visited: Sewer, Gauntlet, Ice Cave and Wizlab.

You collected 13156 gold pieces.
You spent 7805 gold pieces at shops.

Inventory:

Hand Weapons
 a - a +9 double sword of electrocution
 b - the +3 hand crossbow of Atti Zimp {velocity, +Fly rN+ MR+ Stlth+}
   (You found it on level 3 of the Crypt)

   Any bolt fired from it inflicts extra damage.
   It protects you from negative energy.
   It affects your resistance to hostile enchantments.
   It lets you fly.
   It makes you more stealthy.
 d - a +9 antimagic demon blade
 e - a +7 eudemon blade of holy wrath (weapon)
 X - the +7 lajatang of Order {silver, rMut}
   (You found it on level 23 of a ziggurat)

   It protects you from mutation.
Missiles
 C - 1750 bolts
 T - 79 javelins (quivered)
Armour
 f - +12 gold dragon scales (worn)
 i - the +2 cloak of Lugonu's Supremacy {Int+5}
   (You found it on level 3 of the Crypt)

   It affects your intelligence (+5).
 j - the +3 crown of Dyrovepreva (worn) {rElec Int+2 SInv}
   (You acquired it on level 20 of a ziggurat)

   It affects your intelligence (+2).
   It insulates you from electricity.
   It lets you see invisible.
 o - the +0 cloak of Ycwomnuo (worn) {rF++}
   (You found it on level 24 of a ziggurat)

   It greatly protects you from fire.
 x - the +3 warlock's mirror {reflect}
   (You found it on level 19 of a ziggurat)
 I - the +0 pair of gloves "Pium" (worn) {Int+4 Slay+2}
   (You found it on level 3 of the Depths)

   It affects your intelligence (+4).
   It affects your accuracy and damage with ranged weapons and melee attacks
   (+2).
 J - +3 pearl dragon scales
 L - the +18 shield of the Gong {rElec rN+ MR+ EV-5}
   (You took it off a deep elf annihilator on level 5 of the Vaults)

   It affects your evasion (-5).
   It insulates you from electricity.
   It protects you from negative energy.
   It affects your resistance to hostile enchantments.
 N - the +2 pair of boots of the Invisible Hand (worn) {rC++ Stlth+}
   (You found it on level 8 of the Dungeon)

   It greatly protects you from cold.
   It makes you more stealthy.
 Y - the +2 buckler "Rialoem" (worn) {+Inv rCorr Dex+2}
   (You bought it in a shop on level 2 of the Shoals)

   It affects your dexterity (+2).
   It lets you turn invisible.
   It provides partial protection from all sources of acid and corrosion.
Jewellery
 w - the ring "Raoqir" (left hand) {Str+5 Dex+4 Slay+6}
   (You found it in a Gauntlet)

   [ring of strength]

   It affects your strength (+5).
   It affects your dexterity (+4).
   It affects your accuracy and damage with ranged weapons and melee attacks
   (+6).
 y - the ring "Afopsi" (right hand) {rF+ rN+ MR+ Str+4 Dex-5}
   (You found it on level 3 of the Elven Halls)

   [ring of protection from fire]

   It affects your strength (+4).
   It affects your dexterity (-5).
   It protects you from fire.
   It protects you from negative energy.
   It affects your resistance to hostile enchantments.
 A - the ring "Getsim" {Wiz *Corrode rPois rN+++ Int+4}
   (You found it in a wizard's laboratory)

   [ring of wizardry]

   It improves your spell success rate.
   It affects your intelligence (+4).
   It protects you from poison.
   It renders you almost immune to negative energy.
   It may corrode you when you take damage.
 R - the amulet "Jogo" (around neck) {Acrobat Int+3 Dex+5}
   (You found it on level 3 of the Depths)

   [amulet of the acrobat]

   It helps you evade while moving and waiting.
   It affects your intelligence (+3).
   It affects your dexterity (+5).
 S - the ring of the Eleven Orbs {rF+ MR++}
   (You found it on level 2 of the Realm of Zot)

   [ring of protection from fire]

   It protects you from fire.
   It affects your resistance to hostile enchantments.
Wands
 q - a wand of digging (1)
 F - a wand of acid (47)
 V - a wand of iceblast (106)
Scrolls
 g - 45 scrolls of remove curse
 h - 27 scrolls of teleportation
 r - 8 scrolls of holy word
 B - 8 scrolls of blinking
 D - 16 scrolls of magic mapping
 E - 21 scrolls of fog
 K - 6 scrolls of silence
 P - 9 scrolls of fear
 Q - 10 scrolls of immolation
 Z - 7 scrolls of identify
Potions
 k - 4 potions of magic
 l - 5 potions of haste
 m - 5 potions of might
 n - 21 potions of curing
 p - a potion of flight
 s - 5 potions of berserk rage
 t - 8 potions of invisibility
 v - 32 potions of mutation
 z - 2 potions of brilliance
 G - a potion of heal wounds
 H - 14 potions of cancellation
 M - 7 potions of agility
Miscellaneous
 O - 11 phantom mirrors
 W - 6 sacks of spiders
Comestibles
 c - 77 rations


   Skills:
 O Level 27 Fighting
 O Level 27 Long Blades
 * Level 16.8 Staves
 - Level 10.0 Crossbows
 O Level 27 Armour
 - Level 22.0 Dodging
 - Level 1.5 Stealth
 O Level 27 Shields
 + Level 16.3 Spellcasting
 - Level 14.0 Charms
 * Level 19.7 Summonings
 - Level 11.5 Necromancy
 O Level 27 Invocations
 + Level 9.6 Evocations


You had 24 spell levels left.
You knew the following spells:

 Your Spells              Type           Power        Failure   Level  Hunger
a - Summon Butterflies    Summ           ######..     0%          1    None
b - Regeneration          Chrm/Necr      ######....   1%          3    None
c - Aura of Abjuration    Summ           ######....   1%          5    ####...
d - Song of Slaying       Chrm           ######..     1%          2    None
e - Animate Dead          Necr           N/A          1%          4    None
f - Tornado               Air            ##........   100%        9    #######
g - Monstrous Menagerie   Summ           ######....   4%          7    #######
q - Spectral Weapon       Hex/Chrm       #####...     3%          3    None

Your spell library contained the following spells:

 Spells                   Type           Power        Failure   Level  Hunger
 Summon Small Mammal      Summ           ####         0%          1    None
 Call Imp                 Summ           ######..     0%          2    None
 Call Canine Familiar     Summ           ######..     0%          3    None
 Animate Skeleton         Necr           N/A          1%          1    None
 Infusion                 Chrm           ####         1%          1    None
 Pain                     Necr           ####         1%          1    None
 Corpse Rot               Necr           N/A          1%          2    None
 Shroud of Golubria       Chrm/Tloc      #####.       1%          2    None
 Sublimation of Blood     Necr           ######....   1%          2    None
 Swiftness                Chrm/Air       #####...     1%          2    None
 Recall                   Summ/Tloc      N/A          1%          3    None
 Summon Guardian Golem    Hex/Summ       #####...     1%          3    None
 Vampiric Draining        Necr           ######....   1%          3    None
 Summon Demon             Summ           ######....   1%          5    ####...
 Shadow Creatures         Summ           N/A          1%          6    #####..
 Excruciating Wounds      Chrm/Necr      ######....   2%          5    ####...
 Ozocubu's Armour         Chrm/Ice       #####...     3%          3    None
 Summon Ice Beast         Ice/Summ       #####...     3%          4    None
 Summon Lightning Spire   Summ/Air       #####...     3%          4    None
 Agony                    Necr           ######..     4%          5    ####...
 Dispel Undead            Necr           ######..     4%          5    ####...
 Summon Greater Demon     Summ           ######....   4%          7    #######
 Summon Hydra             Summ           ######....   4%          7    #######
 Summon Forest            Summ/Tloc      #####.....   9%          5    ####...
 Summon Mana Viper        Hex/Summ       #####...     9%          5    ####...
 Apportation              Tloc           ##....       19%         1    None
 Beastly Appendage        Tmut           ##....       19%         1    None
 Confusing Touch          Hex            ##....       19%         1    None
 Corona                   Hex            ##.....      19%         1    None
 Flame Tongue             Conj/Fire      ##...        19%         1    None
 Freeze                   Ice            ##..         19%         1    None
 Magic Dart               Conj           ##..         19%         1    None
 Sandblast                Erth           ##....       19%         1    None
 Shock                    Conj/Air       ##..         19%         1    None
 Sting                    Conj/Pois      ##..         19%         1    None
 Death Channel            Necr           ######....   24%         6    #####..
 Blink                    Tloc           N/A          26%         2    None
 Ensorcelled Hibernation  Hex/Ice        ##....       26%         2    None
 Passwall                 Tmut/Erth      ##......     26%         2    None
 Poisonous Vapours        Pois/Air       ##....       26%         2    None
 Searing Ray              Conj           ##....       26%         2    None
 Slow                     Hex            ##......     26%         2    None
 Sticks to Snakes         Tmut           ##......     26%         2    None
 Throw Flame              Conj/Fire      ##....       26%         2    None
 Throw Frost              Conj/Ice       ##....       26%         2    None
 Iskenderun's Battlesphe  Conj/Chrm      #####...     28%         5    ####...
 Summon Horrible Things   Summ           ######....   34%         8    #######
 Bolt of Draining         Conj/Necr      ####......   43%         5    ####...
 Borgnjor's Vile Clutch   Necr/Erth      ####......   43%         5    ####...
 Confuse                  Hex            ##......     47%         3    None
 Conjure Flame            Conj/Fire      ##......     47%         3    None
 Dazzling Spray           Conj/Hex       ##....       47%         3    None
 Gell's Gravitas          Tloc           ##........   47%         3    None
 Ignite Poison            Fire/Tmut/Pois ##......     47%         3    None
 Inner Flame              Hex/Fire       ##......     47%         3    None
 Lesser Beckoning         Tloc           ##........   47%         3    None
 Mephitic Cloud           Conj/Pois/Air  ##......     47%         3    None
 Portal Projectile        Hex/Tloc       ##....       47%         3    None
 Spider Form              Tmut/Pois      ##........   47%         3    None
 Static Discharge         Conj/Air       ##......     47%         3    None
 Stone Arrow              Conj/Erth      ##....       47%         3    None
 Teleport Other           Tloc           ##......     47%         3    None
 Tukima's Dance           Hex            ##......     47%         3    None
 Deflect Missiles         Chrm/Air       #####.....   83%         6    #####..
 Airstrike                Air            ##........   87%         4    None
 Cause Fear               Hex            ##........   87%         4    None
 Force Lance              Conj/Tloc      ##......     87%         4    None
 Fulminant Prism          Conj/Hex       ##........   87%         4    None
 Ice Form                 Ice/Tmut       ##......     87%         4    None
 Iskenderun's Mystic Bla  Conj           ##......     87%         4    None
 Leda's Liquefaction      Hex/Erth       ##........   87%         4    None
 Olgreb's Toxic Radiance  Pois           ##......     87%         4    None
 Passage of Golubria      Tloc           N/A          87%         4    None
 Petrify                  Tmut/Erth      ##......     87%         4    None
 Sticky Flame             Conj/Fire      ##......     87%         4    None
 Throw Icicle             Conj/Ice       ##......     87%         4    None
 Simulacrum               Ice/Necr       ####......   95%         6    #####..
 Malign Gateway           Summ/Tloc      #####.....   95%         7    #######
 Spellforged Servitor     Conj/Summ      #####.....   95%         7    #######
 Alistair's Intoxication  Tmut/Pois      ##......     99%         5    ####...
 Blade Hands              Tmut           ##........   99%         5    ####...
 Bolt of Magma            Conj/Fire/Erth ##........   99%         5    ####...
 Fireball                 Conj/Fire      ##........   99%         5    ####...
 Irradiate                Conj/Tmut      ##........   99%         5    ####...
 Lee's Rapid Deconstruct  Erth           ##........   99%         5    ####...
 Lightning Bolt           Conj/Air       ##........   99%         5    ####...
 Metabolic Englaciation   Hex/Ice        ##........   99%         5    ####...
 Silence                  Hex/Air        ##........   99%         5    ####...
 Venom Bolt               Conj/Pois      ##........   99%         5    ####...
 Yara's Violent Unravell  Hex/Tmut       ##........   99%         5    ####...
 Dragon's Call            Summ           ######....   99%         9    #######
 Bolt of Cold             Conj/Ice       ##........   100%        6    #####..
 Bolt of Fire             Conj/Fire      ##........   100%        6    #####..
 Conjure Ball Lightning   Conj/Air       ##........   100%        6    #####..
 Darkness                 Hex            ##........   100%        6    #####..
 Dispersal                Tloc           ##........   100%        6    #####..
 Freezing Cloud           Conj/Ice/Air   ##........   100%        6    #####..
 Hydra Form               Tmut           ##........   100%        6    #####..
 Invisibility             Hex            ##......     100%        6    #####..
 Iron Shot                Conj/Erth      ##........   100%        6    #####..
 Ozocubu's Refrigeration  Ice            ##........   100%        6    #####..
 Poison Arrow             Conj/Pois      ##........   100%        6    #####..
 Statue Form              Tmut/Erth      ##.......    100%        6    #####..
 Dragon Form              Tmut           ##........   100%        7    #######
 Orb of Destruction       Conj           ##........   100%        7    #######
 Ring of Flames           Chrm/Fire      #####.....   100%        7    #######
 Chain Lightning          Conj/Air       ##........   100%        8    #######
 Controlled Blink         Tloc           N/A          100%        8    #######
 Discord                  Hex            ##........   100%        8    #######
 Disjunction              Tloc           ##........   100%        8    #######
 Ignition                 Fire           ##........   100%        8    #######
 Lehudib's Crystal Spear  Conj/Erth      ##........   100%        8    #######
 Fire Storm               Conj/Fire      ##........   100%        9    #######
 Glaciate                 Conj/Ice       ##........   100%        9    #######
 Shatter                  Erth           ##........   100%        9    #######


Dungeon Overview and Level Annotations

Branches:
Dungeon (15/15)            Temple (1/1) D:4            Lair (6/6) D:11
 Shoals (4/4) Lair:4        Snake (4/4) Lair:2        Slime (5/5) Lair:5
    Orc (2/2) D:9             Elf (3/3) Orc:2        Vaults (5/5) D:13
  Crypt (3/3) Vaults:3       Tomb (0/3) Crypt:3      Depths (5/5) D:15
   Hell (visited)             Dis (0/7) Hell            Geh (7/7) Hell
    Coc (0/7) Hell            Tar (7/7) Hell            Zot (5/5) Depths:5
  Sewer (visited)           IceCv (visited)          WizLab (visited)
Gauntlet (visited)

Altars:
Ashenzari
Cheibriados
Dithmenos
Elyvilon
Fedhas
Gozag
Hepliaklqana
Kikubaaqudgha
Makhleb
Nemelex Xobeh
Okawaru
Qazlal
Ru
Sif Muna
Trog
Uskayaw
Vehumet
Wu Jian
Xom
Yredelemnul
Zin
The Shining One
Beogh

Shops:
D:6 !   D:13 (   Orc:1 (   Orc:2 [*(   Elf:2 %   Elf:3 (   Shoals:2 [(==
Snake:3 :   Vaults:1 (

Portals:
Hell: Depths:1 Depths:2 Depths:3 Depths:4 Depths:5
Abyss: Depths:3 Depths:4
Pandemonium: Depths:2 Depths:3 Depths:5

Annotations:
D:14 2 transporters, Adokuetz's ghost, journeyman DrGl
D:15 3 runed translucent doors, Acyxumon's ghost, journeyman DDFi
Depths:4 1 runed translucent door
Pan Ignacio


Innate Abilities, Weirdness & Mutations

You reflexively headbutt those who attack you in melee.
You have a pair of horns on your head.
You have a beak for a mouth.
You are partially covered in slimy green scales. (AC +2)
You are partially covered in yellow scales. (AC +2)
Your magical capacity is low. (-10% MP)
You are robust. (+10% HP)
You are resistant to electric shocks. (rElec)
Potions are less effective at restoring your health.


Message History

Ignacio misses you. You block Ignacio's attack. Ignacio closely misses you.
You block Ignacio's attack. The balrug gestures at you. Something smites you!
* * * LOW HITPOINT WARNING * * *
A crimson imp comes into view.
You slice Ignacio!!
Ignacio convulses!!
Your headbutt misses Ignacio.
Ignacio is almost dead.
Ignacio hits you with a +6 executioner's axe of pain!
* * * LOW HITPOINT WARNING * * *
You writhe in agony.
* * * LOW HITPOINT WARNING * * *
Ignacio hits you with a +6 executioner's axe of pain!
* * * LOW HITPOINT WARNING * * *
You writhe in agony!
* * * LOW HITPOINT WARNING * * *
Ignacio hits you with a +6 executioner's axe of pain!
* * * LOW HITPOINT WARNING * * *
You writhe in agony!
You die...

#.......) ....
#......≈. .....
#...≈≈.)# .....
..≈.≈.≈≈#####.....
≈..≈§.≈...........
..3≈≈≈○○.°.≈...#
≈≈≈§≈.°.≈○.....##.
.≈≈≈≈21@≈.........
≈...≈##§.°≈.....#.
... #§..)..§..#
..○# .
#.........##..°#
###2.##)§......# .
##..§.....%.°.# ..
#...5..4......# .≈.
#.....(.......(
#...#.....##.##....


You could see Ignacio, 2 balrugs, a sun demon and a crimson imp.

Vanquished Creatures
  the Royal Jelly (Slime:5)
  Asmodeus (Geh:7)
  Ereshkigal (Tar:7)
  A seraph (Pan)
  the Serpent of Hell (Geh:7)
  7 ancient liches
  7 orbs of fire
  The ghost of Giripsow the Axe Maniac, a master MiBe of Trog (Zot:4)
  3 juggernauts
  2 greater mummies (Zig:10)
  A shard shrike (Zig:25)
  Sojobo (Depths:3)
  10 Killer Klowns
  Vashnia (Snake:1)
  3 curse toes
  Bai Suzhen (Snake:2)
  A pandemonium lord (Pan)
  Xtahua (Depths:3)
  8 caustic shrikes
  The ghost of Efutuir the Deadly Accurate, a veteran GnWn of the Shining One (Crypt:3)
  Nikola (Shoals:3)
  34 golden dragons
  Geryon (Hell)
  A mutant beast (WizLab)
  15 bone dragons
  A pearl dragon (Pan)
  5 electric golems
  2 iron giants (Zig:12)
  24 Tzitzimimeh
  17 doom hounds
  5 hellephants
  17 Brimstone Fiends
  20 tentacled monstrosities
  8 Ice Fiends
  25 Orb Guardians (Zot:5)
  3 Hell Sentinels
  12 quicksilver dragons
  A deep elf blademaster (Elf:2)
  24 liches
  7 titans
  Polyphemus (Shoals:2)
  Frances (Snake:1)
  3 deep elf master archers (Elf:3)
  49 acid blobs
  13 death cobs
  3 Executioners
  12 tentacled starspawn
  4 sphinxes
  16 tengu reavers
  4 eldritch tentacles
  Roxanne (Shoals:3)
  A thorn hunter (Zig:6)
  18 storm dragons
  11 ancient champions
  17 shadow dragons
  7 draconian monks
  3 warmongers (Pan)
  9 daevas (Pan)
  29 nagarajas
  30 azure jellies
  9 revenants
  26 fire giants
  Ilsuiw (Shoals:3)
  A fire giant (shapeshifter) (Vaults:5)
  15 frost giants
  14 draconian knights
  8 draconian scorchers
  5 ghost moths
  13 deep elf sorcerers
  6 orc warlords (Zig:18)
  29 balrugs
  2 caustic shrike zombies (Zig:25)
  11 vault wardens
  Aizul (Snake:2)
  12 deep elf elementalists
  23 ghouls
  3 cacodemons
  10 iron dragons
  The ghost of Syvvoagh the Eclecticist, an adept DENe of Kikubaaqudgha (Vaults:4)
  17 draconian shifters
  9 curse skulls
  11 draconian stormcallers
  A caustic shrike skeleton (Zig:25)
  3 emperor scorpions
  11 draconian annihilators
  64 reapers
  26 angels
  3 war gargoyles (Zig:12)
  15 ironheart preservers
  A juggernaut skeleton (Zig:25)
  12 ophanim
  19 stone giants
  12 apis (Pan)
  44 very ugly things
  4 corrupters
  4 spriggan defenders (Depths:4)
  19 vampire knights
  5 deep elf demonologists
  24 green draconians
  4 entropy weavers
  A lorocyproca (Pan)
  22 black draconians
  18 deep elf annihilators
  A minotaur (Gauntlet)
  A dire elephant (Zig:17)
  6 spark wasps
  19 purple draconians
  24 white draconians
  19 ettins
  20 red draconians
  16 yellow draconians
  6 deep elf death magi
  20 merfolk javelineers
  14 blizzard demons
  9 eidola
  14 green deaths
  12 merfolk impalers
  7 quicksilver dragon zombies
  10 deep elf high priests
  5 crystal guardians
  9 jiangshi
  15 death oozes
  24 fire dragons
  Josephine (D:11)
  2 mummy priests (Zig:10)
  98 slime creatures
  14 yaktaur captains
  17 ice dragons
  16 naga warriors
  26 great orbs of eyes
  2 monstrous demonspawn (Pan)
  13 ogre magi
  6 quicksilver dragon skeletons
  3 hell beasts
  4 merfolk avatars
  27 hydras
  32 vault guards
  8 rakshasas
  10 merfolk aquamancers
  A spectral shadow dragon (Crypt:3)
  An anaconda (shapeshifter) (Depths:5)
  9 ghost crabs
  A spectral fire giant (Crypt:3)
  24 anacondas
  6 death knights
  6 shambling mangroves
  3 spriggan air magi
  An alligator (shapeshifter) (Vaults:5)
  A spectral stone giant (Crypt:3)
  9 centaur warriors
  2 catoblepae
  28 two-headed ogres
  A satyr (Shoals:4)
  Erica (D:8)
  26 dancing weapons
  6 alligators
  An alligator snapping turtle (Shoals:4)
  7 titan zombies
  A two-headed ogre (shapeshifter) (WizLab)
  14 deep troll shamans
  31 hell hogs
  86 starcursed masses
  23 death yaks
  2 death scarabs (Zig:10)
  16 deep troll earth magi
  7 tengu warriors
  23 naga sharpshooters
  5 spriggan berserkers
  23 vampire magi
  16 shock serpents
  5 thrashing horrors
  16 orc high priests
  A shock serpent (shapeshifter) (Vaults:4)
  3 iron golems
  2 storm dragon zombies
  19 deep elf knights
  19 soul eaters
  37 sun demons
  A fire crab (shapeshifter) (WizLab)
  16 shadow wraiths
  8 titan skeletons
  4 fire crabs (Zig:22)
  18 wretched stars
  8 sixfirhies
  6 iron trolls
  2 spriggan druids
  7 golden dragon zombies
  8 storm dragon skeletons
  46 hell knights
  A ghost moth zombie (Geh:4)
  An entropy weaver zombie (Vaults:2)
  23 sea snakes
  26 deep trolls
  3 salamander mystics
  A death drake (shapeshifter) (WizLab)
  12 death drakes
  6 anaconda zombies
  8 glowing orange brains
  136 skeletal warriors
  A spectral iron dragon (Crypt:3)
  2 spatial maelstroms
  2 unseen horrors
  A glowing orange brain (shapeshifter) (Depths:1)
  2 infernal demonspawn (Pan)
  13 swamp dragons
  A swamp dragon (shapeshifter) (Zig:7)
  18 cherubim
  17 flayed ghosts
  A tengu zombie (Zig:25)
  A spectral hydra (Crypt:3)
  12 deep elf archers
  21 shadow demons
  2 quicksilver dragon simulacra (Depths:5)
  An unseen horror (shapeshifter) (Vaults:5)
  17 naga ritualists
  10 wizards
  4 gelid demonspawn (Pan)
  4 orange crystal statues
  6 wolf spider zombies
  16 ironbrand convokers
  2 torturous demonspawn (Pan)
  4 shadow dragon zombies
  5 obsidian statues
  42 phantasmal warriors
  27 necromancers
  An orb spider (shapeshifter) (Elf:3)
  11 orc knights
  6 anaconda skeletons
  30 harpies
  4 stone giant zombies
  13 iron dragon zombies
  10 mana vipers
  A lindwurm (Lair:6)
  3 frost giant zombies
  7 fauns
  57 deep elf magi
  3 fire giant zombies
  6 orc sorcerers
  66 ugly things
  A spectral ettin (Crypt:3)
  14 shining eyes
  9 wolf spiders
  2 cyclopes (shapeshifter)
  10 worldbinders
  6 orb spiders
  2 mana vipers (shapeshifter) (WizLab)
  A faun (shapeshifter) (Vaults:3)
  2 tengu skeletons
  21 manticores
  14 salamanders
  34 moths of wrath
  4 shadow dragon skeletons
  20 cyclopes
  3 elephants (Zig:17)
  A guardian serpent (shapeshifter) (Vaults:5)
  2 shock serpent zombies
  5 fire giant skeletons
  Maurice (D:8)
  22 naga magi
  4 dire elephant zombies
  5 ice statues
  4 iron dragon skeletons
  25 smoke demons
  A spectral shock serpent (Crypt:3)
  50 black mambas
  2 black mambas (shapeshifter)
  6 apocalypse crabs
  17 water nymphs
  11 merfolk sirens
  3 stone giant skeletons
  9 frost giant skeletons
  9 rust devils
  4 eyes of devastation
  8 vault sentinels
  6 orange demons
  A storm dragon simulacrum (Crypt:3)
  Psyche (D:8)
  A shock serpent skeleton (Geh:3)
  An eye of devastation (shapeshifter) (Vaults:5)
  22 guardian serpents
  57 yaktaurs
  5 rime drakes
  7 torpor snails
  5 molten gargoyles
  The ghost of bmj180 the Black Sun, a novice HONe of Kikubaaqudgha (D:5)
  22 hellions
  An emperor scorpion zombie (Tar:1)
  7 dire elephant skeletons
  4 gargoyles
  2 kobold demonologists (Depths:3)
  2 demonic crawlers
  39 efreet
  16 spiny frogs
  2 centaur skeletons (D:15)
  4 elf zombies
  43 freezing wraiths
  A rime drake (shapeshifter) (Vaults:5)
  4 hellwings (Abyss:1)
  2 yaktaurs (shapeshifter)
  2 catoblepas zombies
  20 tormentors
  3 komodo dragons
  14 ancient zymes
  5 anaconda simulacra
  A catoblepas skeleton (Geh:3)
  A komodo dragon (shapeshifter) (WizLab)
  6 tengu conjurers
  A troll (shapeshifter) (WizLab)
  2 polar bears (shapeshifter) (WizLab)
  5 guardian mummies (Zig:10)
  34 red devils
  9 silent spectres
  20 ice devils
  A jumping spider (shapeshifter) (Vaults:5)
  A queen bee (shapeshifter) (WizLab)
  A green draconian skeleton (Crypt:2)
  2 harpy zombies
  A merfolk (shapeshifter) (Elf:3)
  A queen ant zombie (Crypt:1)
  7 jumping spiders
  2 tyrant leeches (shapeshifter)
  A spectral harpy (Crypt:3)
  A wind drake (shapeshifter) (WizLab)
  Prince Ribbit (D:8)
  8 hydra zombies
  21 hornets
  A meliai (Zig:13)
  41 merfolk
  16 trolls
  6 harpy skeletons
  Grinder (D:5)
  3 wolf spider simulacra
  7 tyrant leeches
  5 wind drakes (Zig:24)
  A hornet (shapeshifter) (Vaults:2)
  21 blink frogs
  3 ettin zombies
  A raiju (shapeshifter) (Vaults:4)
  9 snapping turtles
  A dream sheep (shapeshifter) (Vaults:4)
  3 alligator zombies
  10 hippogriffs
  8 bog bodies
  26 raiju
  A spectral swamp dragon (Crypt:3)
  5 hydra skeletons
  18 dream sheep
  3 fire dragon zombies
  6 ice dragon zombies
  A slime creature (shapeshifter) (WizLab)
  5 fire dragon skeletons
  4 black mamba zombies
  143 flying skulls
  A redback (shapeshifter) (Depths:3)
  5 ice dragon skeletons
  7 tarantellas
  8 redbacks
  5 alligator skeletons
  2 spriggans (shapeshifter)
  6 ettin skeletons
  45 large abominations
  15 ynoxinuls
  2 air elementals
  An elf simulacrum (Zig:21)
  3 vampires (Vaults:3)
  65 shadows
  33 fire elementals
  34 wraiths
  3 black mamba skeletons
  A dire elephant simulacrum (IceCv)
  7 fire bats
  53 yaks
  3 hogs (shapeshifter)
  15 water elementals
  2 basilisks
  4 wyverns
  A human (D:13)
  6 golden eyes
  4 steam dragons
  7 vampire mosquitoes
  7 chaos spawn
  2 death yak simulacra (IceCv)
  An ushabti (Zig:10)
  A human (shapeshifter) (WizLab)
  A catoblepas simulacrum (Crypt:3)
  16 hungry ghosts
  10 neqoxecs
  2 swamp worms (Gauntlet)
  2 wargs (shapeshifter)
  Menkaure (D:6)
  6 harpy simulacra
  16 wargs
  2 deep troll zombies
  A spiny frog zombie (Tar:1)
  An iron troll simulacrum (IceCv)
  52 nagas
  A monstrous demonspawn zombie (Crypt:2)
  17 water moccasins
  A spectral spiny frog (Crypt:3)
  An insubstantial wisp (Zig:8)
  92 hell hounds
  2 water moccasins (shapeshifter)
  7 floating eyes
  A merfolk skeleton (Crypt:2)
  An acid dragon (shapeshifter) (Vaults:3)
  7 acid dragons
  2 floating eyes (shapeshifter)
  6 hydra simulacra
  Duvessa (D:6)
  3 ice beasts (shapeshifter)
  3 swamp drakes
  14 porcupines
  A snapping turtle zombie (Geh:4)
  A swamp dragon zombie (Crypt:1)
  An eye of draining (shapeshifter) (Depths:3)
  A hornet zombie (D:7)
  53 orc warriors
  2 manticore zombies
  18 phantoms
  A black bear (shapeshifter) (Vaults:1)
  3 spiny frog skeletons
  5 ettin simulacra
  23 eyes of draining
  A black bear (D:7)
  49 necrophages
  2 sky beasts
  4 ice beasts
  A tengu (shapeshifter) (WizLab)
  31 ogres
  A boggart (Vaults:2)
  A hog zombie (Crypt:3)
  2 manticore skeletons
  4 snapping turtle skeletons
  A swamp dragon skeleton (Tar:7)
  11 crocodiles
  14 wolves
  29 centaurs
  6 elf skeletons
  21 bullfrogs
  A rime drake skeleton (Crypt:1)
  A wyvern zombie (D:8)
  6 earth elementals
  A spiny frog simulacrum (Hell)
  A water moccasin zombie (D:7)
  3 scorpions
  A raiju zombie (Crypt:3)
  A spriggan zombie (Tar:5)
  Dowan (D:6)
  An elephant simulacrum (IceCv)
  11 killer bees (D:11)
  A manticore simulacrum (Crypt:3)
  80 wights
  A snapping turtle simulacrum (Crypt:3)
  2 spriggan skeletons
  9 electric eels
  A yak skeleton (Crypt:3)
  2 howler monkeys
  5 lava snakes (Snake:4)
  3 troll skeletons
  A bullfrog zombie (D:6)
  A wolf skeleton (Crypt:1)
  3 centaur zombies
  11 crimson imps
  4 quasits
  5 hounds
  A draconian simulacrum (IceCv)
  37 orc priests
  Crazy Yiuf (D:3)
  A hound (shapeshifter) (Vaults:5)
  2 human zombies
  3 bullfrog skeletons
  3 jellies
  26 orc wizards
  A basilisk skeleton (Crypt:2)
  2 iron imps (Abyss:1)
  12 iguanas
  A hell rat (D:11)
  9 worker ants
  34 small abominations
  5 troll simulacra
  A wolf simulacrum (IceCv)
  6 centaur simulacra (IceCv)
  A felid skeleton (Crypt:3)
  An ogre skeleton (Geh:7)
  2 hound zombies
  2 mummies
  2 worker ant zombies
  Robin (D:3)
  4 naga simulacra (IceCv)
  15 adders
  3 ogre simulacra (IceCv)
  2 river rats (D:11)
  26 shadow imps
  A steam dragon skeleton (Crypt:3)
  14 white imps
  2 oozes
  3 ufetubi
  An adder skeleton (D:4)
  An adder zombie (D:5)
  3 worms
  3 dart slugs
  16 leopard geckos
  95 orcs
  17 giant cockroaches
  16 goblins
  13 hobgoblins
  A jackal (shapeshifter) (WizLab)
  12 jackals
  4 quokkas
  4 ball pythons
  12 bats
  A dart slug zombie (Crypt:2)
  10 frilled lizards
  A frilled lizard skeleton (Crypt:1)
  7 kobolds
  4 kobold skeletons
  An orc skeleton (Geh:7)
  2 orc zombies
  A quokka zombie (D:5)
  5 rats
  A rat skeleton (Crypt:1)
  A rat zombie (Crypt:1)
  8 crawling corpses
  2 fire vortices
  4 fungi (Lair:6)
  13 plants
  23 starspawn tentacles
5527 creatures vanquished.

Vanquished Creatures (collateral kills)
  Saint Roka (Snake:2)
  A Tzitzimitl (Tar:7)
  3 tentacled monstrosities
  An azure jelly (Slime:5)
  An orc warlord (D:9)
  2 green deaths (Zig:26)
  2 death oozes (Slime:5)
  2 shambling mangroves (Zig:26)
  A death yak (Lair:6)
  A deep troll (Depths:1)
  A death drake (Zig:26)
  A swamp dragon (Zig:26)
  A necromancer (Geh:4)
  A slime creature (Zig:26)
  A water moccasin (Lair:6)
  An orc (Snake:2)
21 creatures vanquished.

Vanquished Creatures (others)
  A tentacled monstrosity (Zig:26)
  A Tzitzimitl (Tar:2)
  A lich (Depths:4)
  A deep elf blademaster (Elf:3)
  An eldritch tentacle (Geh:7)
  A daeva (Pan)
  A ghost moth (Zot:4)
  A frost giant (Depths:4)
  2 stone giants
  A fire dragon (Zig:22)
  A merfolk avatar (Shoals:4)
  2 hell hogs
  A deep elf knight (Elf:1)
  An orb spider (Zig:15)
  A manticore (Zig:15)
  2 black mambas (Snake:3)
  A dire elephant zombie (Geh:3)
  A freezing wraith (Zig:25)
  A hornet (Zig:26)
  A raiju (Abyss:3)
  3 flying skulls
  2 shadows
  An air elemental (Elf:1)
  An alligator skeleton (Geh:4)
  A human (Depths:3)
  A water moccasin (Zig:17)
  A small abomination (Zig:21)
  A swamp drake (Zig:15)
  2 crocodiles (Zig:17)
  2 ogres (Depths:2)
  3 wights (Geh:4)
  A quasit (Abyss:1)
  An iguana (Lair:6)
  4 white imps (IceCv)
  3 ufetubi (IceCv)
  An ooze (shapeshifter) (Depths:2)
  A goblin (D:3)
  2 crawling corpses (Elf:3)
  14 fungi
  35 plants
  3 spectral weapons
  22 starspawn tentacles
128 creatures vanquished.

Grand Total: 5676 creatures vanquished

Notes
Turn   | Place    | Note
-------+----------+-------------------------------------------
     0 | D:1      | mortelune the Minotaur Monk began the quest for the Orb.
     0 | D:1      | Reached XP level 1. HP: 19/19 MP: 0/0
    56 | D:1      | Reached XP level 2. HP: 18/27 MP: 1/1
   106 | D:1      | Reached skill level 1 in Armour
   458 | D:1      | Reached XP level 3. HP: 32/33 MP: 2/2
  1302 | D:2      | Reached skill level 5 in Long Blades
  1302 | D:2      | Reached XP level 4. HP: 39/41 MP: 3/3
  2262 | D:3      | Reached XP level 5. HP: 30/47 MP: 4/4
  2263 | D:3      | Found a faded altar of an unknown god.
  2463 | D:3      | Noticed Robin
  2486 | D:3      | Killed Robin
  2827 | D:3      | Found a runed translucent door.
  2828 | D:3      | Noticed Crazy Yiuf
  2833 | D:3      | Killed Crazy Yiuf
  2833 | D:3      | Reached skill level 5 in Fighting
  3132 | D:4      | Found a transporter.
  3212 | D:4      | Found a transporter.
  3349 | D:4      | Reached XP level 6. HP: 56/56 MP: 5/5
  3474 | D:4      | Found a staircase to the Ecumenical Temple.
  3523 | Temple   | Entered the Ecumenical Temple
  3556 | Temple   | Became a worshipper of Qazlal Stormbringer
  3556 | Temple   | Reached * piety under Qazlal
  3556 | Temple   | Reached ** piety under Qazlal
  4070 | D:5      | Entered Level 5 of the Dungeon
  4688 | D:5      | Got a dazzling spear
  4694 | D:5      | Identified the cursed +2 spear of Satyriasis {pierce,
                  | Str+4} (You found it on level 5 of the Dungeon)
  4809 | D:5      | Noticed Grinder
  4812 | D:5      | Paralysed by Grinder for 5 turns
  4819 | D:5      | Killed Grinder
  4819 | D:5      | Reached skill level 1 in Invocations
  4819 | D:5      | Reached XP level 7. HP: 15/62 MP: 6/6
  5121 | D:5      | Found a transporter.
  5130 | D:5      | Found a transporter.
  5136 | D:5      | Noticed bmj180's ghost (novice HONe)
  5536 | D:6      | Noticed Dowan
  5537 | D:6      | Noticed Duvessa
  5544 | D:6      | Killed Dowan
  5546 | D:6      | Killed Duvessa
  5546 | D:6      | Reached skill level 5 in Armour
  5546 | D:6      | Reached XP level 8. HP: 53/71 MP: 8/8
  5771 | D:6      | Found a glowing drain.
  5783 | Sewer    | Entered a sewer
  5921 | Sewer    | Reached *** piety under Qazlal
  6646 | D:6      | Noticed Menkaure
  6650 | D:6      | Killed Menkaure
  7103 | D:6      | Found Himete's Distillery.
  7106 | D:6      | Bought a potion of heal wounds for 75 gold pieces
  7106 | D:6      | Bought a potion of invisibility for 120 gold pieces
  7106 | D:6      | Bought a potion of cancellation for 120 gold pieces
  7462 | D:7      | Reached skill level 10 in Long Blades
  7462 | D:7      | Reached XP level 9. HP: 38/79 MP: 9/11
  7830 | D:7      | Found a blossoming altar of Fedhas.
  7904 | D:7      | Reached **** piety under Qazlal
  8171 | D:7      | Found a shadowy altar of Dithmenos.
  8553 | D:8      | Noticed Erica
  8558 | D:8      | Killed Erica
  8558 | D:8      | Reached skill level 5 in Invocations
  8562 | D:8      | Got a pair of distressingly furry boots
  8568 | D:8      | Identified the +2 pair of boots of the Invisible Hand {rC++
                  | Stlth+} (You found it on level 8 of the Dungeon)
  9013 | D:8      | Noticed Maurice
  9021 | D:8      | Killed Maurice
  9021 | D:8      | Reached XP level 10. HP: 87/90 MP: 3/13
  9043 | D:8      | Noticed Prince Ribbit
  9052 | D:8      | Killed Prince Ribbit
  9305 | D:8      | Noticed a white ugly thing
 10614 | D:9      | Found a staircase to the Orcish Mines.
 10763 | D:10     | Entered Level 10 of the Dungeon
 10865 | D:10     | Reached XP level 11. HP: 52/99 MP: 15/15
 10868 | D:10     | Reached skill level 10 in Fighting
 11884 | D:11     | Found a gate leading to a gauntlet.
 11886 | D:11     | Noticed a death yak
 11887 | D:11     | Noticed a death yak
 11887 | D:11     | Noticed a death yak
 11890 | Gauntlet | Entered a Gauntlet
 11890 | Gauntlet | Found a transporter.
 11890 | Gauntlet | Found a transporter.
 11890 | Gauntlet | Found a transporter.
 11890 | Gauntlet | Noticed a soul eater
 11894 | Gauntlet | Found a transporter.
 11895 | Gauntlet | Found a transporter.
 11904 | Gauntlet | Found a transporter.
 11908 | Gauntlet | Found a transporter.
 11917 | Gauntlet | Noticed a necromancer
 11917 | Gauntlet | Noticed a death yak
 11918 | Gauntlet | Found a transporter.
 11918 | Gauntlet | Noticed a death yak
 11918 | Gauntlet | Noticed a death yak
 11920 | Gauntlet | Noticed a death yak
 11923 | Gauntlet | Noticed a death yak
 12010 | Gauntlet | Found a transporter.
 12020 | Gauntlet | Found a transporter.
 12024 | Gauntlet | Found a transporter.
 12036 | Gauntlet | Found a transporter.
 12040 | Gauntlet | Noticed a blizzard demon
 12159 | Gauntlet | Identified Acuefoto's Reference Book on Vitriolic Stones
 12250 | Gauntlet | Paralysed by a hornet for 3 turns
 12488 | Gauntlet | Identified 3 scrolls of acquirement
 12513 | Gauntlet | Got a crude buckler
 12524 | Gauntlet | Identified the +1 buckler of the Purple Skies {rN+ Str+4}
                  | (You acquired it in a Gauntlet)
 12533 | Gauntlet | Killed a death yak
 12533 | Gauntlet | Reached skill level 1 in Shields
 12537 | Gauntlet | Killed a death yak
 12543 | Gauntlet | Killed a death yak
 12543 | Gauntlet | Reached ***** piety under Qazlal
 12543 | Gauntlet | Reached skill level 10 in Armour
 12545 | Gauntlet | Killed a necromancer
 12548 | Gauntlet | Killed a death yak
 12555 | Gauntlet | Killed a death yak
 12810 | Gauntlet | Got a faintly glowing silver ring
 12816 | Gauntlet | Identified the ring "Raoqir" {Str+5 Dex+4 Slay+6} (You
                  | found it in a Gauntlet)
 12831 | Gauntlet | Noticed a minotaur
 12837 | Gauntlet | Killed a minotaur
 12950 | D:11     | Reached XP level 12. HP: 110/110 MP: 16/16
 12957 | D:11     | Killed a death yak
 12963 | D:11     | Killed a death yak
 12963 | D:11     | Reached skill level 15 in Long Blades
 12976 | D:10     | Killed a death yak
 13258 | D:11     | Found a staircase to the Lair.
 13351 | D:11     | Identified Ucavuob's Catalogue of Good Luck and Slavery
 13400 | D:11     | You fall into a shaft and drop 2 floors!
 13548 | D:11     | Noticed Josephine
 13554 | D:11     | Killed Josephine
 13958 | Lair:1   | Entered Level 1 of the Lair of Beasts
 14932 | Lair:2   | Found a staircase to the Snake Pit.
 15225 | Lair:2   | Reached XP level 13. HP: 119/119 MP: 18/18
 15276 | Lair:2   | You fall into a shaft and drop 2 floors!
 15276 | Lair:4   | Found a staircase to the Shoals.
 15717 | Lair:3   | Identified the Reference Book on Virous Transmutation
 17761 | Lair:5   | Reached ****** piety under Qazlal
 17968 | Lair:5   | Found a staircase to the Slime Pits.
 18310 | Lair:5   | You fall into a shaft and drop 1 floor!
 18310 | Lair:6   | Entered Level 6 of the Lair of Beasts
 18347 | Lair:6   | Found an ancient bone altar of Kikubaaqudgha.
 18375 | Lair:6   | Reached skill level 10 in Invocations
 18383 | Lair:6   | Reached XP level 14. HP: 75/132 MP: 8/20
 19396 | Lair:6   | Found a runed translucent door.
 20728 | D:8      | Noticed Psyche
 20731 | D:8      | Killed Psyche
 21276 | D:5      | Killed bmj180's ghost
 22653 | D:13     | Reached skill level 15 in Fighting
 22711 | D:13     | Found Petealon's Weapon Boutique.
 22835 | D:13     | Found a gate to the Vaults.
 23300 | Orc:1    | Entered Level 1 of the Orcish Mines
 23461 | Orc:1    | Reached skill level 15 in Armour
 23470 | Orc:1    | Noticed an orc warlord
 23497 | D:9      | Killed an orc warlord
 23785 | Orc:1    | Found Ipaudeem's Weapon Shoppe.
 24193 | Orc:2    | Entered Level 2 of the Orcish Mines
 24243 | Orc:2    | Found a staircase to the Elven Halls.
 24284 | Orc:2    | Reached XP level 15. HP: 48/141 MP: 15/22
 24801 | Orc:2    | Found a roughly hewn altar of Beogh.
 24909 | Orc:2    | Found Kevvaf's Weapon Shoppe.
 24909 | Orc:2    | Found Wuzxest's Magic Scroll Shop.
 24917 | Orc:2    | Bought a scroll of enchant weapon for 97 gold pieces
 24917 | Orc:2    | Bought a scroll of fog for 26 gold pieces
 24917 | Orc:2    | Bought a scroll of fog for 26 gold pieces
 25391 | Orc:2    | Found Qahenlut's Assorted Antiques.
 25391 | Orc:2    | Found Qolyowi's Antique Armour Shop.
 25396 | Orc:2    | Bought a scroll of blinking for 202 gold pieces
 25396 | Orc:2    | Bought a potion of berserk rage for 135 gold pieces
 25536 | Orc:2    | Bought a distressingly furry plate armour for 896 gold
                  | pieces
 25546 | Orc:2    | Identified the +8 plate armour of the Bagpipe {rCorr} (You
                  | bought it in a shop on level 2 of the Orcish Mines)
 25712 | D:14     | Identified the +4 great sword "Zuchoonoj" {antimagic,
                  | Int+6}
 25713 | D:14     | Found a transporter.
 25745 | D:14     | Noticed Adokuetz's ghost (journeyman DrGl)
 25762 | D:14     | Found a bloodstained altar of Trog.
 25762 | D:14     | Identified the +4 dire flail of Xom's Fury {protect, Int+4
                  | Dex+4}
 25764 | D:14     | Identified the +8 giant club of Greed {protect, MR- Int+5}
 25764 | D:14     | Identified the +5 giant club "Nyxzac" {drain, *Noise rElec
                  | Str-5 Stlth+}
 25769 | D:14     | Found a transporter.
 25986 | D:14     | Found a blossoming altar of Fedhas.
 26437 | D:15     | Entered Level 15 of the Dungeon
 26459 | D:15     | Identified the +8 trident of Dung {flame, Int+6}
 26460 | D:15     | Reached skill level 5 in Dodging
 26695 | D:15     | Found a staircase to the Depths.
 26912 | D:15     | Found a sparkling altar of Nemelex Xobeh.
 27356 | D:15     | Found a runed translucent gate.
 27356 | D:15     | Found a runed translucent gate.
 27357 | D:15     | Found a runed translucent gate.
 27359 | D:15     | Noticed Acyxumon's ghost (journeyman DDFi)
 27607 | Snake:1  | Entered Level 1 of the Snake Pit
 28161 | Snake:1  | Noticed Frances
 28171 | Snake:1  | Killed Frances
 28171 | Snake:1  | Reached XP level 16. HP: 143/154 MP: 4/24
 28897 | Snake:2  | Noticed Saint Roka
 29258 | Snake:2  | Noticed Aizul
 29553 | Snake:2  | Killed Saint Roka
 29553 | Snake:2  | Reached skill level 1 in Crossbows
 29601 | Snake:2  | Noticed Vashnia
 30459 | Snake:1  | Killed Vashnia
 31172 | Snake:2  | Killed Aizul
 31843 | Snake:2  | HP: 7/155 [poisoned by a nagaraja (bolt of poison)]
 31848 | Snake:2  | HP: 6/155 [poisoned by a nagaraja (bolt of poison)]
 31855 | Snake:2  | HP: 5/155 [poisoned by a nagaraja (bolt of poison)]
 31862 | Snake:2  | HP: 6/155 [poisoned by a nagaraja (bolt of poison)]
 31870 | Snake:2  | HP: 6/155 [poisoned by a nagaraja (bolt of poison)]
 32348 | Snake:3  | Noticed Bai Suzhen
 32650 | Shoals:1 | Entered Level 1 of the Shoals
 32880 | Shoals:1 | Reached skill level 5 in Crossbows
 33570 | Shoals:1 | Identified the +1 ring mail of Seujylyi {MR+} (You found it
                  | on level 1 of the Shoals)
 33726 | Shoals:2 | Found Penowug's Jewellery Shop.
 33732 | Shoals:2 | Reached XP level 17. HP: 144/163 MP: 26/26
 34004 | Shoals:2 | Noticed Polyphemus
 34013 | Shoals:2 | Killed Polyphemus
 34127 | Shoals:2 | Found Biush's Armour Boutique.
 34130 | Shoals:2 | Bought the cursed +0 plate armour "Waegoule" {rElec rC+++
                  | Regen+ Str-3} for 1128 gold pieces
 34288 | Snake:2  | Killed Bai Suzhen
 35428 | Snake:3  | Found Useluju's Book Shoppe.
 35458 | Snake:3  | Reached skill level 10 in Dodging
 36257 | Snake:4  | Entered Level 4 of the Snake Pit
 37658 | Snake:4  | Reached XP level 18. HP: 109/173 MP: 27/27
 38401 | Snake:4  | Got a serpentine rune of Zot
 38911 | Shoals:2 | Found Guobao's Antique Weapon Shop.
 38920 | Shoals:2 | Bought an encrusted great sword for 333 gold pieces
 38988 | Shoals:2 | Identified the cursed +1 great sword of Gallantry {slice,
                  | Str+2} (You bought it in a shop on level 2 of the Shoals)
 39152 | Shoals:2 | Found Qum Xadd's Jewellery Shop.
 39368 | Shoals:3 | Noticed Ilsuiw
 39455 | Shoals:3 | Killed Ilsuiw
 39689 | Shoals:3 | Noticed Nikola
 39703 | Shoals:3 | Killed Nikola
 39916 | Shoals:3 | Noticed Roxanne
 39935 | Shoals:3 | Killed Roxanne
 40302 | Shoals:4 | Entered Level 4 of the Shoals
 40334 | Shoals:4 | Identified the Collected Works on Companions
 41151 | Shoals:4 | Identified the +3 troll leather armour of Vampiric Thralls
                  | {Regen+ Dex+3}
 42514 | Shoals:4 | Got a barnacled rune of Zot
 42658 | Shoals:4 | Found the +8 frozen axe "Frostbite" {freezing cloud, *Noise
                  | +Fly rC+}
 42990 | Vaults:1 | Entered Level 1 of the Vaults
 43123 | Vaults:1 | Reached XP level 19. HP: 183/184 MP: 28/28
 44590 | Vaults:1 | Found Zeluhu Cais's Antique Weapon Boutique.
 45937 | Vaults:2 | Reached skill level 15 in Invocations
 46429 | Vaults:2 | Found the +8 glaive of the Guard {elec, +Rage AC+5 SInv}
 46594 | Vaults:2 | Reached XP level 20. HP: 195/195 MP: 30/30
 47438 | Vaults:3 | Found a staircase to the Crypt.
 47533 | Vaults:3 | Reached skill level 15 in Dodging
 49022 | Vaults:4 | Found a runed translucent door.
 49022 | Vaults:4 | Noticed Syvvoagh's ghost (adept DENe)
 49776 | Vaults:4 | Killed Syvvoagh's ghost
 50030 | Depths:1 | Entered Level 1 of the Depths
 50098 | Depths:1 | Reached XP level 21. HP: 134/206 MP: 26/32
 50392 | Depths:1 | Found a magical portal.
 51013 | WizLab   | Identified Cigotuvi's Almanac of Sinister Moulding
 51023 | WizLab   | Identified the Handbook of Transformation
 51172 | WizLab   | Paralysed by a floating eye for 3 turns
 51270 | WizLab   | Paralysed by a floating eye for 2 turns
 51275 | WizLab   | Paralysed by a floating eye for 3 turns
 51286 | WizLab   | Paralysed by a floating eye for 2 turns
 51299 | WizLab   | Paralysed by a floating eye for 4 turns
 51306 | WizLab   | Got a scintillating bronze ring
 51307 | WizLab   | Identified the ring "Getsim" {Wiz *Corrode rPois rN+++
                  | Int+4} (You found it in a wizard's laboratory)
 51579 | Depths:1 | Found a gateway to Hell.
 53252 | Depths:2 | Found a one-way gate leading to the halls of Pandemonium.
 53702 | Depths:3 | Reached XP level 22. HP: 142/216 MP: 24/33
 54153 | Depths:3 | Found a one-way gate to the infinite horrors of the Abyss.
 54193 | Depths:3 | Noticed Sojobo
 54209 | Depths:3 | Noticed Xtahua
 54224 | Depths:3 | Killed Sojobo
 54659 | Depths:3 | Killed Xtahua
 55577 | Depths:3 | Found a runed door.
 55702 | Depths:3 | Noticed an ancient lich
 55724 | Depths:3 | Killed an ancient lich
 55808 | Depths:3 | Identified the cursed +0 leather armour of the Gardener
                  | {rElec rC+ MP+9}
 55808 | Depths:3 | Identified the ring of Ynieshi {+Fly rPois rC+ Str-4}
 55937 | Depths:3 | Identified the Handbook of Aerial Earth
 55940 | Depths:3 | Got a smoking amethyst amulet
 55944 | Depths:3 | Identified the amulet "Jogo" {Acrobat Int+3 Dex+5} (You
                  | found it on level 3 of the Depths)
 55957 | Depths:3 | Found the +7 sceptre of Torment {pain, torment}
 56012 | Depths:3 | Identified the +0 pair of gloves "Pium" {Int+4 Slay+2} (You
                  | found it on level 3 of the Depths)
 56092 | Depths:4 | Found a runed translucent door.
 56215 | Depths:4 | Found a runed translucent door.
 56492 | Depths:4 | Noticed a caustic shrike
 56496 | Depths:4 | Killed a caustic shrike
 56498 | Depths:4 | Reached XP level 23. HP: 152/225 MP: 34/34
 56840 | Depths:4 | Noticed a caustic shrike
 56850 | Depths:4 | Killed a caustic shrike
 57152 | Depths:4 | Noticed a caustic shrike
 57159 | Depths:4 | Killed a caustic shrike
 57834 | Depths:4 | Found a burning altar of Makhleb.
 58021 | Depths:4 | Found a runed translucent door.
 58021 | Depths:4 | Found a runed translucent door.
 58191 | Depths:4 | Identified the ring "Zuwnir" {rElec Dex+4 SInv} (You found
                  | it on level 4 of the Depths)
 58215 | Depths:4 | Paralysed by a floating eye for 4 turns
 58221 | Depths:4 | Noticed a caustic shrike
 58225 | Depths:4 | Killed a caustic shrike
 58280 | Depths:4 | Found a runed translucent door.
 58280 | Depths:4 | Found a runed translucent door.
 58411 | Depths:4 | Identified the cursed +0 great sword "Ibydd" {drain, rC+}
                  | (You found it on level 4 of the Depths)
 58521 | Depths:4 | Found a gateway to a ziggurat.
 58673 | Depths:4 | Reached XP level 24. HP: 236/236 MP: 35/35
 58811 | Depths:4 | Identified the Handbook of Air
 58813 | Depths:4 | Identified the +4 spear "Ubbanep" {freeze, rF+ MR+ Dex+2}
                  | (You found it on level 4 of the Depths)
 58868 | Depths:5 | Entered Level 5 of the Depths
 59485 | Depths:5 | Found a shimmering altar of Xom.
 60070 | Depths:5 | Found a shattered altar of Ashenzari.
 60308 | Depths:5 | Found a snail-covered altar of Cheibriados.
 60665 | Depths:5 | Identified the +5 arbalest "Wecul" {penet, rF+ Str+3} (You
                  | found it on level 5 of the Depths)
 60671 | Depths:5 | Found a gate to the Realm of Zot.
 60786 | Depths:5 | Found a sparkling altar of Nemelex Xobeh.
 61220 | Elf:1    | Entered Level 1 of the Elven Halls
 61321 | Elf:1    | Found a frozen archway.
 61366 | IceCv    | Entered an ice cave
 62997 | Elf:1    | Identified the ring of Ulliwucs {MP+9 Str+7}
 63309 | Elf:2    | Reached XP level 25. HP: 240/246 MP: 28/35
 63465 | Elf:2    | Found a huge runed translucent gate.
 63465 | Elf:2    | Found a huge runed translucent gate.
 63465 | Elf:2    | Found a huge runed translucent gate.
 63465 | Elf:2    | Found a huge runed translucent gate.
 63468 | Elf:2    | Found a huge runed translucent gate.
 63587 | Elf:2    | Found Zuneak's Food Boutique.
 64232 | Elf:3    | Entered Level 3 of the Elven Halls
 64314 | Elf:3    | Found Teshreuc's Weapon Shoppe.
 64322 | Elf:3    | Identified the ring "Afopsi" {rF+ rN+ MR+ Str+4 Dex-5} (You
                  | found it on level 3 of the Elven Halls)
 65055 | Elf:3    | Cast into level 2 of the Abyss (a deep elf sorcerer)
 65055 | Abyss:2  | Found a corrupted altar of Lugonu.
 65109 | Elf:3    | Escaped the Abyss
 65146 | Elf:3    | Identified the ring of Beny {Ice rN+ Stlth+}
 65154 | Elf:3    | Identified the +8 war axe "Gues" {freeze, rF+}
 65162 | Elf:3    | Identified the ring "Exzumif" {*Contam MP+9 Int+3 SInv}
 65596 | Elf:3    | Identified the cursed +1 falchion of Distant Worlds {venom,
                  | +Inv rPois} (You found it on level 3 of the Elven Halls)
 65639 | Elf:3    | Identified the +3 plate armour of the Cast Vote {rElec rC+
                  | rN+} (You found it on level 3 of the Elven Halls)
 66167 | Shoals:2 | Bought the +2 buckler "Rialoem" {+Inv rCorr Dex+2} for 689
                  | gold pieces
 66180 | Shoals:2 | Learned a level 1 spell: Summon Butterflies
 66260 | Slime:1  | Entered Level 1 of the Pits of Slime
 66340 | Slime:4  | Reached skill level 1 in Summonings
 66346 | Slime:4  | Reached skill level 1 in Spellcasting
 66713 | Slime:5  | Entered Level 5 of the Pits of Slime
 66730 | Slime:5  | Noticed the Royal Jelly
 67015 | Slime:5  | Paralysed by a floating eye for 3 turns
 67096 | Slime:5  | Killed the Royal Jelly
 67096 | Slime:5  | Reached XP level 26. HP: 196/257 MP: 32/36
 67741 | Slime:5  | Got a slimy rune of Zot
 67742 | Slime:5  | Identified the Handbook of Floating Shape Shifting
 67775 | Slime:5  | Identified the +9 flail of Kiyplas {crush, *Slow rF++} (You
                  | found it on level 5 of the Pits of Slime)
 67841 | Slime:5  | Reached XP level 27. HP: 265/265 MP: 36/36
 67968 | Slime:3  | Gained mutation: You are dopey. (Int -2) [a shining eye]
 67969 | Slime:3  | Gained mutation: Potions are less effective at restoring
                  | your health. [a shining eye]
 68358 | Vaults:3 | Lost mutation: You are dopey. (Int -2) [potion of mutation]
 68358 | Vaults:3 | Lost mutation: Potions are less effective at restoring your
                  | health. [potion of mutation]
 68358 | Vaults:3 | Gained mutation: You have a pair of large horns on your
                  | head. [potion of mutation]
 68358 | Vaults:3 | Gained mutation: Scrolls take you a little longer to read.
                  | [potion of mutation]
 68358 | Vaults:3 | Gained mutation: You are partially covered in slimy green
                  | scales. (AC +2) [potion of mutation]
 68358 | Vaults:3 | Gained mutation: You are partially covered in rugged brown
                  | scales. (AC +1, +3% HP) [potion of mutation]
 68359 | Vaults:3 | Lost mutation: You are partially covered in rugged brown
                  | scales. (AC +1, +3% HP) [potion of mutation]
 68359 | Vaults:3 | Lost mutation: You have a pair of large horns on your head.
                  | [potion of mutation]
 68359 | Vaults:3 | Lost mutation: Scrolls take you a little longer to read.
                  | [potion of mutation]
 68359 | Vaults:3 | Gained mutation: You are clumsy. (Dex -2) [potion of
                  | mutation]
 68359 | Vaults:3 | Gained mutation: Potions are less effective at restoring
                  | your health. [potion of mutation]
 68359 | Vaults:3 | Gained mutation: You expend magic power (3 MP) to
                  | strengthen your wands. [potion of mutation]
 68359 | Vaults:3 | Gained mutation: You are partially covered in thin metallic
                  | scales. (AC +2) [potion of mutation]
 68363 | Crypt:1  | Entered Level 1 of the Crypt
 69042 | Orc:2    | Bought a scroll of enchant weapon for 202 gold pieces
 70795 | Crypt:3  | Entered Level 3 of the Crypt
 71130 | Crypt:3  | Found a staircase to the Tomb.
 71301 | Crypt:3  | Found a basalt altar of Yredelemnul.
 71368 | Crypt:3  | Found a runed translucent gate.
 71368 | Crypt:3  | Found a runed translucent gate.
 71368 | Crypt:3  | Found a runed translucent gate.
 71369 | Crypt:3  | Noticed Efutuir's ghost (veteran GnWn)
 72519 | Crypt:3  | Identified the cursed +3 hand crossbow of Atti Zimp
                  | {velocity, +Fly rN+ MR+ Stlth+} (You found it on level 3 of
                  | the Crypt)
 72521 | Crypt:3  | Identified the Grimoire of Blistering Lightness
 72859 | Crypt:3  | Killed Efutuir's ghost
 72866 | Crypt:3  | Identified the +2 cloak of Lugonu's Supremacy {Int+5} (You
                  | found it on level 3 of the Crypt)
 73904 | Vaults:5 | Entered Level 5 of the Vaults
 74541 | Vaults:5 | Identified the ring of Ydaserr {Fire *Drain Dex+6}
 74565 | Vaults:5 | Identified the +3 leather armour of the Jolly Realms {Dex+3
                  | Stlth+}
 74714 | Vaults:5 | Noticed an ancient lich
 74726 | Vaults:5 | Killed an ancient lich
 74765 | Vaults:5 | Got a silver rune of Zot
 74923 | Vaults:5 | Identified the +11 shortbow of Cruel Justice {velocity,
                  | Str+2}
 75135 | Vaults:5 | Identified the Volume of Creative Aid
 76089 | Depths:3 | Voluntarily entered the Abyss.
 76263 | Abyss:1  | Reached skill level 5 in Shields
 76395 | Abyss:1  | Gained mutation: You occasionally shout uncontrollably at
                  | your foes. [a shining eye]
 76705 | Abyss:1  | Found a hide-covered altar of Uskayaw.
 76814 | Abyss:2  | Reached skill level 27 in Fighting
 77006 | Abyss:3  | Gained mutation: You tend to lose your temper in combat. [a
                  | neqoxec]
 77022 | Abyss:3  | Lost mutation: You are clumsy. (Dex -2) [potion of
                  | mutation]
 77022 | Abyss:3  | Lost mutation: You are partially covered in thin metallic
                  | scales. (AC +2) [potion of mutation]
 77022 | Abyss:3  | Gained mutation: You have a pair of large horns on your
                  | head. [potion of mutation]
 77022 | Abyss:3  | Gained mutation: You are partially covered in yellow
                  | scales. (AC +2) [potion of mutation]
 77023 | Abyss:3  | Lost mutation: You have a pair of large horns on your head.
                  | [potion of mutation]
 77023 | Abyss:3  | Lost mutation: You are partially covered in yellow scales.
                  | (AC +2) [potion of mutation]
 77023 | Abyss:3  | Gained mutation: Armour fits poorly on your strangely
                  | shaped body. [potion of mutation]
 77023 | Abyss:3  | Lost mutation: You tend to lose your temper in combat.
                  | [potion of mutation]
 77023 | Abyss:3  | Gained mutation: You are partially covered in iridescent
                  | scales. (AC +2) [potion of mutation]
 77024 | Abyss:3  | Lost mutation: You expend magic power (3 MP) to strengthen
                  | your wands. [potion of mutation]
 77024 | Abyss:3  | Lost mutation: Armour fits poorly on your strangely shaped
                  | body. [potion of mutation]
 77024 | Abyss:3  | Gained mutation: You are weak. (Str -2) [potion of
                  | mutation]
 77024 | Abyss:3  | Gained mutation: You have a pair of large horns on your
                  | head. [potion of mutation]
 77024 | Abyss:3  | Gained mutation: You are partially covered in yellow
                  | scales. (AC +2) [potion of mutation]
 77025 | Abyss:3  | Lost mutation: You are weak. (Str -2) [potion of mutation]
 77025 | Abyss:3  | Lost mutation: You have a pair of large horns on your head.
                  | [potion of mutation]
 77025 | Abyss:3  | Gained mutation: You have a beak for a mouth. [potion of
                  | mutation]
 77025 | Abyss:3  | Gained mutation: You have supernaturally acute eyesight.
                  | (SInv) [potion of mutation]
 77119 | Abyss:3  | Found a glowing golden altar of the Shining One.
 77128 | Abyss:3  | Noticed a juggernaut
 77138 | Abyss:3  | Killed a juggernaut
 77149 | Abyss:3  | Got an abyssal rune of Zot
 77257 | Abyss:3  | Reached skill level 10 in Shields
 77302 | Depths:3 | Escaped the Abyss
 77690 | Zot:1    | Entered Level 1 of the Realm of Zot
 77836 | Zot:1    | Reached skill level 27 in Armour
 78156 | Zot:1    | Got a fine silver ring
 78202 | Zot:1    | Identified the ring of Hunwaty {rElec rPois rN+ MR+} (You
                  | found it on level 1 of the Realm of Zot)
 79591 | Zot:2    | Found a transporter.
 79643 | Zot:2    | Reached skill level 15 in Shields
 79980 | Zot:2    | Identified the cursed ring "Nunog" {*Corrode rPois rN+ MP+9
                  | Int-3}
 80179 | Zot:2    | Found a transporter.
 80296 | Zot:2    | Got a warped marble ring
 80297 | Zot:2    | Identified the ring of the Eleven Orbs {rF+ MR++} (You
                  | found it on level 2 of the Realm of Zot)
 82746 | Zot:4    | Found a runed translucent gate.
 82747 | Zot:4    | Found a runed translucent gate.
 82747 | Zot:4    | Found a runed translucent gate.
 82748 | Zot:4    | Noticed Giripsow's ghost (master MiBe)
 82789 | Zot:4    | Killed Giripsow's ghost
 83018 | Zot:5    | Entered Level 5 of the Realm of Zot
 83253 | Zot:5    | Noticed an ancient lich
 83262 | Zot:5    | Killed an ancient lich
 83413 | Zot:5    | Noticed an orb of fire
 83414 | Zot:5    | Noticed an orb of fire
 83435 | Zot:5    | Noticed an ancient lich
 83652 | Zot:5    | Killed an ancient lich
 83656 | Zot:5    | Noticed an ancient lich
 83665 | Zot:5    | Killed an ancient lich
 83840 | Zot:5    | Killed an orb of fire
 83962 | Zot:5    | Gained mutation: You tend to lose your temper in combat.
                  | [an orb of fire]
 83962 | Zot:5    | Gained mutation: Your flesh is heat resistant. (rF+) [an
                  | orb of fire]
 83973 | Zot:5    | Gained mutation: You are resistant to electric shocks.
                  | (rElec) [an orb of fire]
 83975 | Zot:5    | Killed an orb of fire
 84871 | Hell     | Entered the Vestibule of Hell
 84871 | Hell     | Noticed Geryon
 84885 | Hell     | Killed Geryon
 85213 | Hell     | Found a gateway to the freezing wastes of Cocytus.
 85346 | Hell     | Found a gateway to the decaying netherworld of Tartarus.
 85401 | Hell     | Found a gateway to the ashen valley of Gehenna.
 85520 | Hell     | Found a gateway to the Iron City of Dis.
 85935 | Snake:3  | Bought a book of the Sky for 910 gold pieces
 86366 | Orc:2    | Bought a paperback book for 405 gold pieces
 86379 | Orc:2    | Bought fine ice dragon scales for 2080 gold pieces
 86379 | Orc:2    | Identified the +7 ice dragon scales "Earthly Heaven" {rF-
                  | rC++ Int+8} (You bought it in a shop on level 2 of the
                  | Orcish Mines)
 86422 | Orc:2    | Bought 2 scrolls of identify for 52 gold pieces
 86422 | Orc:2    | Bought a scroll of remove curse for 39 gold pieces
 86422 | Orc:2    | Bought a scroll of identify for 26 gold pieces
 86422 | Orc:2    | Bought a scroll of silence for 97 gold pieces
 86422 | Orc:2    | Bought a scroll of remove curse for 39 gold pieces
 86422 | Orc:2    | Bought a scroll of remove curse for 39 gold pieces
 86437 | Orc:2    | Bought 23 bolts for 69 gold pieces
 86443 | Orc:2    | Learned a level 3 spell: Regeneration
 86449 | Orc:2    | Learned a level 5 spell: Aura of Abjuration
 86704 | Tar:1    | Entered Level 1 of Tartarus
 86760 | Tar:1    | Reached skill level 1 in Charms
 86760 | Tar:1    | Reached skill level 1 in Necromancy
 87411 | Tar:1    | Reached skill level 5 in Spellcasting
 89793 | Tar:2    | You fall into a shaft and drop 2 floors!
 90096 | Tar:5    | Reached skill level 5 in Necromancy
 90357 | Tar:6    | Reached skill level 5 in Charms
 90687 | Tar:7    | Entered Level 7 of Tartarus
 91811 | Tar:7    | Noticed an ancient lich
 91822 | Tar:7    | Killed an ancient lich
 91833 | Tar:7    | Noticed an ancient lich
 91836 | Tar:7    | Killed an ancient lich
 92955 | Tar:7    | Identified the cursed +0 morningstar of Insufficient
                  | Pleasure {drain, Str+4}
 92955 | Tar:7    | Identified the cursed +3 arbalest "Embalmer" {speed, Dex+7
                  | Stlth+}
 92955 | Tar:7    | Identified the cursed +1 scale mail of the Louse {+Blink
                  | Str+3}
 93380 | Tar:7    | Noticed Ereshkigal
 93399 | Tar:7    | Killed Ereshkigal
 93579 | Tar:7    | Got a bone rune of Zot
 93856 | Tar:7    | Identified the +7 plate armour of the Dwarven Hall {*Slow
                  | rN+ Dex+4} (You found it on level 7 of Tartarus)
 94518 | Zig:1    | Entered Level 1 of a ziggurat
 94559 | Zig:2    | Entered Level 2 of a ziggurat
 94595 | Zig:3    | Entered Level 3 of a ziggurat
 94631 | Zig:4    | Entered Level 4 of a ziggurat
 94643 | Zig:4    | Paralysed by accursed screaming for 2 turns
 94647 | Zig:4    | Paralysed by accursed screaming for 2 turns
 94763 | Zig:5    | Entered Level 5 of a ziggurat
 94794 | Zig:5    | Identified the Catalogue of Scorching Summoning
 94819 | Zig:6    | Entered Level 6 of a ziggurat
 94929 | Zig:7    | Entered Level 7 of a ziggurat
 94949 | Zig:7    | Paralysed by accursed screaming for 1 turns
 95183 | Zig:7    | Identified the Catalogue of the Excruciating Glacier
 95188 | Zig:7    | Identified the +7 mace of Xoguocw {drain, rN+++ Int-2 Dex-5
                  | SInv} (You found it on level 7 of a ziggurat)
 95191 | Zig:7    | Got a glittering brass ring
 95192 | Zig:7    | Identified the ring of Ifak Toesch {Fire *Drain rElec rPois
                  | Int+4} (You found it on level 7 of a ziggurat)
 95211 | Zig:8    | Entered Level 8 of a ziggurat
 95236 | Zig:8    | Found the +8 whip "Snakebite" {curare, rPois}
 95248 | Zig:8    | Identified Lapsuyc's Collected Works on Feathery Hexes
 95251 | Zig:8    | Identified the ring "Ummetz Qodu" {Int-2 Dex+5 SInv} (You
                  | found it on level 8 of a ziggurat)
 95278 | Zig:9    | Entered Level 9 of a ziggurat
 95447 | Zig:9    | Identified the Volume of the Warped Birds
 95460 | Zig:9    | Identified Ilayprerph's Compendium of Feathery Heat
 95465 | Zig:9    | Identified the amulet of Xom's Condemnation {Harm *Drain
                  | rF- rN+++ MR+ Str+4} (You found it on level 9 of a
                  | ziggurat)
 95467 | Zig:9    | Identified the ring "Huumiamouz" {rPois rF+ SInv} (You
                  | found it on level 9 of a ziggurat)
 95493 | Zig:10   | Entered Level 10 of a ziggurat
 95499 | Zig:10   | Noticed a greater mummy
 95503 | Zig:10   | Noticed a greater mummy
 95504 | Zig:10   | Killed a greater mummy
 95504 | Zig:10   | Killed a greater mummy
 95858 | Zig:11   | Entered Level 11 of a ziggurat
 96120 | Zig:11   | Identified the +1 buckler of Bad Feelings {Int+4 SInv} (You
                  | found it on level 11 of a ziggurat)
 96139 | Zig:12   | Entered Level 12 of a ziggurat
 96155 | Zig:12   | Reached skill level 27 in Long Blades
 96155 | Zig:12   | Reached skill level 27 in Invocations
 96396 | Zig:12   | Identified the Compendium of Aerial Ice
 96399 | Zig:12   | Identified the ring "Kicyrr" {EV+2 Dex+2} (You found it on
                  | level 12 of a ziggurat)
 96401 | Zig:12   | Identified the cursed +0 long sword of Safeisug {slice,
                  | rElec Str-4 Int+2} (You found it on level 12 of a ziggurat)
 96423 | Zig:12   | Identified the ring of Xom's Wrath {rF+ Dex+5} (You found
                  | it on level 12 of a ziggurat)
 96442 | Zig:13   | Entered Level 13 of a ziggurat
 96460 | Zig:13   | Reached skill level 10 in Spellcasting
 96850 | Zig:14   | Entered Level 14 of a ziggurat
 96877 | Zig:14   | Reached skill level 10 in Necromancy
 97418 | Zig:14   | Found the +4 dagger "Morg" {pain, MR+ Int+5}
 97424 | Zig:14   | Identified the Volume of Shape Shifting and Calling
 97439 | Zig:14   | Identified the cursed +2 great mace of Ambiguity {flame,
                  | +Blink rC- Int+5 Dex+4} (You found it on level 14 of a
                  | ziggurat)
 97443 | Zig:14   | Identified the cursed +0 leather armour of the Centipede
                  | {MR+} (You found it on level 14 of a ziggurat)
 97461 | Zig:15   | Entered Level 15 of a ziggurat
 97579 | Zig:15   | Reached skill level 10 in Charms
 97781 | Zig:15   | Identified the +7 hand axe of Disarray {pain, rElec Dex+3}
                  | (You found it on level 15 of a ziggurat)
 97803 | Zig:15   | Identified the +7 arbalest "Killer Bee's Curse" {penet,
                  | +Fly rF+ Str+4 Int-5} (You found it on level 15 of a
                  | ziggurat)
 97808 | Zig:15   | Identified the amulet of Crawling {Spirit +Inv rElec rPois
                  | Int+4} (You found it on level 15 of a ziggurat)
 97824 | Zig:15   | Identified the +1 arbalest "Umitopp" {venom, rF+ MR++} (You
                  | found it on level 15 of a ziggurat)
 97967 | Zig:16   | Entered Level 16 of a ziggurat
 97997 | Zig:16   | Paralysed by accursed screaming for 2 turns
 98508 | Zig:16   | Found the +2 Maxwell's thermic engine {flame, freeze}
 98515 | Zig:16   | Identified the Guide on the Cloudy Escort
 98531 | Zig:16   | Identified the +0 pair of gloves of Pleasant Breezes {MR+
                  | rCorr} (You found it on level 16 of a ziggurat)
 98539 | Zig:16   | Identified the ring "Wyas" {Str+2 Dex+3} (You found it on
                  | level 16 of a ziggurat)
 98542 | Zig:16   | Identified the Compendium of Weightlessness and Combat
                  | Magic
 98560 | Zig:16   | Identified the ring "Bowar" {rElec MP+9} (You acquired it
                  | on level 16 of a ziggurat)
 98602 | Zig:17   | Entered Level 17 of a ziggurat
 98747 | Zig:17   | Identified the Disquisition on the Harmful Traveller
 98775 | Zig:17   | Got a flickering turquoise ring
 98777 | Zig:17   | Identified the ring "Qolocs" {rPois rC- MR+ Str+5 Int+3}
                  | (You found it on level 17 of a ziggurat)
 98814 | Zig:17   | Learned a level 2 spell: Song of Slaying
 98818 | Zig:18   | Entered Level 18 of a ziggurat
 98838 | Zig:18   | Noticed a juggernaut
 98838 | Zig:18   | Noticed a juggernaut
 98844 | Zig:18   | Killed a juggernaut
 98844 | Zig:18   | Reached skill level 5 in Summonings
 98850 | Zig:18   | Killed a juggernaut
 98925 | Zig:18   | Identified the Volume of Beguiling and the Birds
 98945 | Zig:18   | Got an iridescent arbalest
 98946 | Zig:18   | Identified the +5 arbalest "Wolokes" {elec, rN+ MR+} (You
                  | found it on level 18 of a ziggurat)
 98954 | Zig:18   | Got a coiled ivory ring
 98956 | Zig:18   | Identified the ring "Raely" {*Tele Str+2} (You found it on
                  | level 18 of a ziggurat)
 98972 | Zig:18   | Got a crude double sword
 98973 | Zig:18   | Identified the +0 double sword of Uskayaw's Pride {slice,
                  | rPois} (You found it on level 18 of a ziggurat)
 99011 | Zig:19   | Entered Level 19 of a ziggurat
 99069 | Zig:19   | Reached skill level 10 in Crossbows
 99343 | Zig:19   | Found the +3 warlock's mirror {reflect}
 99343 | Zig:19   | Found the +5 scythe "Finisher" {speed, eviscerate}
 99361 | Zig:19   | Got a warped tin ring
 99363 | Zig:19   | Identified the ring of Compulsion {rElec Str+5 Int-5 Dex-5
                  | Stlth-} (You found it on level 19 of a ziggurat)
 99420 | Zig:20   | Entered Level 20 of a ziggurat
 99706 | Zig:20   | Identified the Disquisition on the Earthen Frostbite
 99759 | Zig:20   | Found the +3 crown of Dyrovepreva {rElec Int+2 SInv}
 99776 | Zig:20   | Got an encrusted crystal plate armour
 99787 | Zig:20   | Identified the +4 crystal plate armour of the Crypt {rF+
                  | SInv} (You acquired it on level 20 of a ziggurat)
 99808 | Zig:20   | Got a translucent steel ring
 99810 | Zig:20   | Identified the ring of Kydicaezo {rElec Stlth+} (You found
                  | it on level 20 of a ziggurat)
 99842 | Zig:21   | Entered Level 21 of a ziggurat
100354 | Zig:21   | Got a smoking platinum ring
100356 | Zig:21   | Identified the ring of Symmetry {rC+ Dex+4} (You found it
                  | on level 21 of a ziggurat)
100379 | Zig:21   | Got a bloodstained great sword
100390 | Zig:21   | Identified the +1 great sword of the Beast {slice, rC+}
                  | (You found it on level 21 of a ziggurat)
100425 | Zig:21   | Learned a level 4 spell: Animate Dead
100435 | Zig:21   | Learned a level 9 spell: Tornado
100439 | Zig:22   | Entered Level 22 of a ziggurat
100468 | Zig:22   | Noticed an orb of fire
100471 | Zig:22   | Noticed an orb of fire
100475 | Zig:22   | Noticed an orb of fire
100476 | Zig:22   | Killed an orb of fire
100476 | Zig:22   | Noticed an orb of fire
100480 | Zig:22   | Killed an orb of fire
100483 | Zig:22   | Noticed an orb of fire
100486 | Zig:22   | Killed an orb of fire
100486 | Zig:22   | Reached skill level 10 in Summonings
100489 | Zig:22   | Killed an orb of fire
100492 | Zig:22   | Gained mutation: Your body sometimes deteriorates upon
                  | taking damage. [an orb of fire]
100497 | Zig:22   | Killed an orb of fire
100681 | Zig:22   | Got a clouded golden ring
100683 | Zig:22   | Identified the ring of Butchery {*Drain rC- rCorr Dex+10
                  | SInv} (You found it on level 22 of a ziggurat)
100691 | Zig:22   | Got a pitted brass ring
100692 | Zig:22   | Identified the ring of Qazlal's Vengeance {*Tele rElec
                  | rF+++ rC- rN+} (You found it on level 22 of a ziggurat)
100783 | Zig:23   | Entered Level 23 of a ziggurat
100852 | Zig:23   | Gained mutation: Your magical capacity is low. (-10% MP) [a
                  | shining eye]
100880 | Zig:23   | Gained mutation: You are frail. (-10% HP) [a shining eye]
101180 | Zig:23   | Lost mutation: You tend to lose your temper in combat.
                  | [potion of mutation]
101180 | Zig:23   | Lost mutation: You occasionally shout uncontrollably at
                  | your foes. [potion of mutation]
101180 | Zig:23   | Lost mutation: You are frail. (-10% HP) [potion of
                  | mutation]
101180 | Zig:23   | Gained mutation: You expend magic power (3 MP) to
                  | strengthen your wands. [potion of mutation]
101181 | Zig:23   | Lost mutation: Your body sometimes deteriorates upon taking
                  | damage. [potion of mutation]
101181 | Zig:23   | Lost mutation: Your magical capacity is low. (-10% MP)
                  | [potion of mutation]
101181 | Zig:23   | Lost mutation: Your flesh is heat resistant. (rF+) [potion
                  | of mutation]
101181 | Zig:23   | Lost mutation: You expend magic power (3 MP) to strengthen
                  | your wands. [potion of mutation]
101181 | Zig:23   | Lost mutation: You are partially covered in iridescent
                  | scales. (AC +2) [potion of mutation]
101181 | Zig:23   | Gained mutation: You are robust. (+10% HP) [potion of
                  | mutation]
101278 | Zig:23   | Found the +7 lajatang of Order {silver, rMut}
101306 | Zig:23   | Identified the Reference Book on the Evil Voyage
101309 | Zig:23   | Identified the amulet "Haggaf" {RegenMP rN+ Str+3 Dex+2}
                  | (You found it on level 23 of a ziggurat)
101379 | Zig:24   | Entered Level 24 of a ziggurat
101456 | Zig:24   | Reached skill level 27 in Shields
101728 | Zig:24   | Identified the Handbook of Noxious Conjuration
101736 | Zig:24   | Identified the Collected Works on Ghastly Lightness
101757 | Zig:24   | Got a smoking hand crossbow
101758 | Zig:24   | Identified the cursed +1 hand crossbow "Yllud" {velocity,
                  | rC+ Str+3 Int+3} (You found it on level 24 of a ziggurat)
101769 | Zig:24   | Got an encrusted cloak
101780 | Zig:24   | Identified the +0 cloak of Ycwomnuo {rF++} (You found it on
                  | level 24 of a ziggurat)
101810 | Zig:25   | Entered Level 25 of a ziggurat
102605 | Zig:25   | Got a warped bone ring
102607 | Zig:25   | Identified the ring of Abum {MP+9 Int+4 SInv} (You found it
                  | on level 25 of a ziggurat)
102747 | Zig:25   | Learned a level 7 spell: Monstrous Menagerie
102750 | Zig:26   | Entered Level 26 of a ziggurat
102920 | Zig:26   | Reached skill level 15 in Summonings
103007 | Zig:26   | Learned a level 3 spell: Spectral Weapon
103033 | Zig:27   | Entered Level 27 of a ziggurat
103111 | Zig:27   | Gained mutation: Your magical capacity is low. (-10% MP) [a
                  | shining eye]
103388 | Zig:27   | Found the +4 skin of Zhor {Hibernate rC+++ SInv}
103411 | Zig:27   | Identified the Reference Book on Shifting Poisoning
103420 | Zig:27   | Identified the Grimoire of Lightness and Earth
103425 | Zig:27   | Identified the Compendium of Evil and the Blaze
103473 | Zig:27   | Got a brightly glowing long sword
103477 | Zig:27   | Identified the +8 long sword of the Mind {flame, rElec
                  | Int-5 Dex+4} (You found it on level 27 of a ziggurat)
103848 | Geh:1    | Entered Level 1 of Gehenna
103935 | Geh:1    | Reached skill level 1 in Staves
103969 | Geh:2    | Reached skill level 1 in Evocations
103978 | Geh:2    | Reached skill level 15 in Spellcasting
104293 | Geh:2    | Reached skill level 5 in Staves
105983 | Geh:6    | Reached skill level 5 in Evocations
106005 | Geh:6    | Reached skill level 10 in Staves
106267 | Geh:7    | Entered Level 7 of Gehenna
106524 | Geh:7    | Noticed the Serpent of Hell
106535 | Geh:7    | Killed the Serpent of Hell
106805 | Geh:7    | Identified the +7 sceptre of Asmodeus
106805 | Geh:7    | Noticed Asmodeus
106983 | Geh:7    | Identified the +8 spear "Icol" {drain, MP+9}
106996 | Geh:7    | Paralysed by a Zot trap for 3 turns
107044 | Geh:7    | Identified the Incunabulum of Enhancements
107345 | Geh:7    | Killed Asmodeus
107457 | Geh:7    | Got an obsidian rune of Zot
107696 | Pan      | Entered Pandemonium
107996 | Pan      | Noticed Jaytaschiata the pandemonium lord
108004 | Pan      | Found an exit through the horrors of the Abyss.
108014 | Pan      | Killed Jaytaschiata the pandemonium lord
108049 | Pan      | Lost mutation: You have supernaturally acute eyesight.
                  | (SInv) [a neqoxec]
108465 | Pan      | Reached skill level 15 in Staves
109308 | Pan      | Identified the +2 buckler "Kynaes" {Dex+3}
109310 | Pan      | Found a glowing golden altar of the Shining One.
109312 | Pan      | Noticed a seraph
109316 | Pan      | Killed a seraph
109388 | Pan      | Got a demonic rune of Zot
109980 | Pan      | Entered the realm of Cerebov.
110015 | Pan      | Noticed Ignacio
110024 | Pan      | HP: 8/300 [Ignacio/+6 executioner's axe of pain (9)]
110024 | Pan      | Slain by Ignacio

Levels and vault maps discovered:
D:1:      dpeg_arrival_prison, layout_rooms, chequers_serial_rivers_large_a
D:2:      layout_basic
D:3:      layout_loops_ring, chequers_ecumenical_altar_simple, corexii_shack,
          uniq_robin, uniq_crazy_yiuf_cottage
D:4:      gammafunk_steamed_eel, layout_basic, minmay_temple_entry_wispy,
          first_ration, hangedman_decor_push, minmay_misc_feat_more_columns
D:5:      layout_gridville, gammafunk_ghost_stat_death, uniq_grinder
D:6:      layout_basic, portal_sewer_entry_f, serial_shops, kennysheep_mini,
          minmay_pentangle, uniq_menkaure, uniq_duvessa
D:7:      layout_loops_cross, grunt_dithmenos_shadows, grunt_ogre_cave,
          fedhas_altar_3
D:8:      hangedman_cross_veins, layout_basic, chequers_avenue, uniq_psyche,
          uniq_maurice, uniq_erica, uniq_prince_ribbit1
D:9:      layout_layer_cave, david_orc_1_choice, hangedman_decor_peaks_small
D:10:     layout_rooms, serial_curves, eino_curves_01, eino_curves_03,
          eino_curves_03
D:11:     layout_roguey, dpeg_lair_monsters, gauntlet_entry_generic,
          uniq_josephine
D:12:     layout_stronghold
D:13:     layout_long_grid, grunt_vaults_entry_fortified, serial_shops,
          shop_coins, minmay_misc_feat_rugged
D:14:     layout_loops_ring, basic_altar, gammafunk_ghost_wrathful_warriors,
          kennysheep_generic_room_7
D:15:     hangedman_depths_entry_civil_slaughter, layout_loops_ring,
          basic_altar, gammafunk_ghost_hydra_chop, grunt_decor_one_mirror,
          minmay_librarian
Temple:   nicolae_temple_the_god_donut
Lair:1:   layout_cave_pods
Lair:2:   statuecave_lemuel, layout_small_grid,
          minmay_snake_entry_guardpost_small
Lair:3:   layout_roguey, beast_lair_carwin_1, grunt_megastairs_3
Lair:4:   layout_layer_cave, elwin_shoals_entry_rocks
Lair:5:   layout_cave_pods, slime_dummy, grunt_megastairs_5
Lair:6:   wormcave, layout_misc_corridors, guppyfry_lair_end_dragon, basic_altar
Shoals:1: layout_shoals, nicolae_shoals_seven_spires
Shoals:2: layout_shoals, serial_shops, nicolae_shop_trees, nicolae_shop_trees,
          shop, nicolae_shop_behind_doors, uniq_polyphemus
Shoals:3: layout_shoals, uniq_ilsuiw, uniq_roxanne, uniq_nikola
Shoals:4: shoals_end_grunt_ice, layout_shoals, shoals_ilsuiw_alternative
Snake:1:  layout_onion, uniq_frances
Snake:2:  layout_misc_corridors, uniq_vashnia, uniq_saint_roka, uniq_aizul
Snake:3:  layout_layer_cave, serial_shops, nicolae_shop_trees,
          nicolae_snake_salamander_stairs, serial_bayou_shore_a,
          serial_bayou_shore_b, uniq_bai_suzhen
Snake:4:  grunt_snake_rune_serpentine_throne, layout_basic
Slime:1:  layout_caves, nicolae_slime_ancient_tower_intersection
Slime:2:  cheibrodos_slime_lost_civilization_1, layout_caves,
          cheibrodos_slime_lost_civilization_7, uniq_dissolution
Slime:3:  layout_caves
Slime:4:  layout_caves
Slime:5
Orc:1:    layout_caves, serial_shops, shop, nicolae_orc_rockfall,
          nicolae_orc_damp_corner
Orc:2:    st_orc_town, layout_caves
Elf:1:    layout_gridlike, portal_ice_cave_entry_ice_statue_one,
          evilmike_minifort, minivault_14, kb_rosetta
Elf:2:    layout_rooms, serial_shops, shop
Elf:3:    minmay_elf_hall_four_x, layout_geoelf_castle, serial_shops,
          nicolae_shop_trees, drop_trap
Vaults:1: grunt_vaults_trifunnel, nicolae_vaults_ninety_degrees, v_misc_14,
          vaults_room_grunt_arrival_ludios, vaults_mumra_hex,
          hangedman_vaults_cutoff, vaults_room_fours, ontoclasm_vaults_twist,
          layout_vaults_omnigrid, serial_shops, nicolae_shop_waterfront
Vaults:2: hangedman_vaults_snaps, hangedman_vaults_stream, v_alt_pattern_4,
          hangedman_vaults_trim, vaults_dpeg_encased_lava, v_misc_13, v_misc_27,
          vaults_room_fours, st_hourglassy, vaults_dpeg_cross, v_misc_15,
          vaults_mumra_hexcomb, layout_vaults_maze_snakey
Vaults:3: minmay_crypt_entry_vampire_xt, v_misc_24, vaults_room_fours,
          v_misc_24, nicolae_vaults_little_squares_6, v_misc_13,
          nicolae_vaults_what_the_h, vaults_room_pools, layout_vaults_big_room
Vaults:4: ebering_vaults_ghost_inner_flame, v_rooms_6,
          ontoclasm_vaults_claustrophobia, st_diamondy,
          nicolae_vaults_big_angled_halls, ontoclasm_vaults_loading_screen,
          hangedman_vaults_locks, dpeg_vaults_monster_box,
          nicolae_vaults_puzzle_piece, v_misc_24, ontoclasm_vaults_pinch,
          nicolae_vaults_stairing_the_circle, nicolae_vaults_gold_heap,
          ontoclasm_vaults_loading_screen, vaults_mumra_lcd,
          nicolae_vaults_little_ls, hangedman_vaults_slice,
          layout_vaults_omnibox, serial_glass
Vaults:5
Crypt:1:  layout_misc_corridors, grunt_crypt_arrival_webbed
Crypt:2:  layout_catacombs, lemuel_nasty_fountain
Crypt:3:  church_of_pain_bobbens, layout_chaotic_city,
          gammafunk_ghost_necromancy, minmay_misc_feat_columns
Depths:1: layout_gridlike, pf_coc_iceberg, infiniplex_enter_wizlab_glasses,
          chequers_decorated_corner, hangedman_decor_riveting,
          lemuel_flamethrower_2, serial_bayou_shore_b, kennysheep_random_hallway
Depths:2: minmay_diamond_stairs, layout_small_grid, chequers_hall_statues_y,
          pf_vacation_house_of_asmodeus, rand_demon_pan_entry_7,
          minmay_microvault
Depths:3: evilmike_wizard_prison, layout_gridville, pan_entry, abyss_entry,
          hangedman_decor_clover_reticule, pf_hell_entry_tar_spiral,
          uniq_xtahua, uniq_sojobo
Depths:4: minmay_the_grid_ultimate [minmay_the_grid_prize_four_corners,
          minmay_the_grid_prize_inner_circle, minmay_the_grid_prize_diamond_cup,
          minmay_the_grid_prize_shrinking_boxes,
          minmay_the_grid_square_5x5_beaten_path,
          minmay_the_grid_square_5x5_inner_i,
          minmay_the_grid_square_5x5_shuriken,
          minmay_the_grid_square_5x5_minivault,
          minmay_the_grid_square_5x5_shrine1,
          minmay_the_grid_square_5x5_fancy_junction,
          minmay_the_grid_square_5x5_comb, minmay_the_grid_square_5x5_mess,
          minmay_the_grid_square_5x5_gyroscope,
          minmay_the_grid_square_5x5_spiral, minmay_the_grid_square_5x5_bite,
          minmay_the_grid_square_5x5_misaligned,
          minmay_the_grid_square_5x5_moneybag, minmay_the_grid_square_5x5_empty,
          minmay_the_grid_square_5x5_checkered_sparse,
          minmay_the_grid_triangle_9x9_pentomino_pain,
          minmay_the_grid_triangle_9x9_stretched_checkered,
          minmay_the_grid_triangle_9x9_checkered,
          minmay_the_grid_triangle_9x9_alien,
          minmay_the_grid_triangle_9x9_negative_grid,
          minmay_the_grid_triangle_9x9_steps,
          minmay_the_grid_triangle_9x9_corruption,
          minmay_the_grid_triangle_9x9_wacky_v,
          minmay_the_grid_triangle_9x9_subtriangle,
          minmay_the_grid_triangle_9x9_corrupted_corridor,
          minmay_the_grid_triangle_9x9_limited_checkers,
          minmay_the_grid_triangle_9x9_swiss_cheese,
          minmay_the_grid_triangle_9x9_tough_junction,
          minmay_the_grid_triangle_9x9_warning,
          minmay_the_grid_triangle_9x9_fully_insulated_deathbox,
          minmay_the_grid_triangle_9x9_shrine,
          minmay_the_grid_square_5x5_bridge, minmay_the_grid_octo_horde,
          minmay_the_grid_octo_chip, minmay_the_grid_octo_checkerflower,
          minmay_the_grid_octo_fan_narrow, minmay_the_grid_octo_clover,
          minmay_the_grid_octo_fat_diamond, minmay_the_grid_octo_thin_diamonds,
          minmay_the_grid_octo_teeth, minmay_the_grid_odd_star,
          minmay_the_grid_holed_spiral, minmay_the_grid_gridbox,
          minmay_the_grid_spin_star], hell_entry, abyss_entry
Depths:5: grunt_profane_halls [grunt_profane_temple_coc,
          grunt_profane_temple_geh, grunt_profane_temple_dis,
          grunt_profane_temple_tar, grunt_zot_portal], hell_entry, pan_entry
Hell
Geh:1:    layout_gehenna_pools_box
Geh:2:    layout_gehenna_lava_caves
Geh:3:    layout_gehenna_pools_basic
Geh:4:    layout_gehenna_lava_caves
Geh:5:    layout_gehenna_lava_caves, nicolae_geh_single_fiery_grave
Geh:6:    minmay_firetagon, layout_gehenna_pools_basic
Geh:7:    evilmike_geh
Tar:1:    layout_grid_maze
Tar:2:    layout_cathedral_of_symmetry
Tar:3:    layout_cathedral_of_symmetry
Tar:4:    layout_grid_maze, grunt_megastairs_1
Tar:5:    layout_grid_maze, nicolae_tar_cuneiform_heaven
Tar:6:    grunt_deathspiral_small, layout_cathedral_of_symmetry
Tar:7:    tar_old
Zot:1:    layout_cathedral_of_symmetry, grunt_megastairs_2
Zot:2:    gammafunk_its_a_trap, layout_gridlike, kennysheep_underground_church
Zot:3:    layout_onion_interference
Zot:4:    kennysheep_room_grid, layout_misc_corridors,
          ebering_ghost_rock_garden, hangedman_zot_wheel_spokes, zot_minivault_5
Zot:5:    layout_basic, lemuel_baited_zot_trap
Pan:      rand_demon_4, layout_gridville, pan_blood_fountain,
          nicolae_pan_gloorx_vloqian_1, evilmike_mini_pan_possible_glass,
          layout_basic, evilmike_holy_pan, lemuel_hall_of_pain,
          layout_stronghold, gammafunk_dig_for_victory, layout_stronghold,
          pan_blood_fountain, cerebov_grunt, layout_basic,
          pan_blood_fountain_small, uniq_ignacio

Skill      XL: |  1  2  3  4  5  6  7  8  9 10 11 12 13 14 15 16 17 18 19 20 21 22 23 24 25 26 27 |
---------------+----------------------------------------------------------------------------------+-----
Long Blades    | 4 5 6 7 8 10 11 13 14 16 17 18 19 20 21 27 | 27.0
Armour         | 1 2 3 4 5 6 7 9 10 11 13 15 16 17 18 19 20 21 22 23 24 25 27 | 27.0
Fighting       | 4 5 6 7 8 9 11 12 14 15 16 17 18 19 20 21 22 23 24 25 27 | 27.0
Invocations    | 1 2 4 5 6 7 8 10 11 13 14 15 16 17 18 19 20 27 | 27.0
Shields        | 4 27 | 27.0
Dodging        | 7 9 11 13 14 15 16 17 18 19 20 22 | 22.0
Crossbows      | 5 8 9 10 | 10.0
Summonings     | 3 19 | 19.7
Spellcasting   | 2 16 | 16.3
Charms         | 14 | 14.0
Necromancy     | 11 | 11.5
Staves         | 16 | 16.8
Evocations     | 9 |  9.6
Stealth        | |  1.5

Action                   |  1- 3 |  4- 6 |  7- 9 | 10-12 | 13-15 | 16-18 | 19-21 | 22-24 | 25-27 || total
-------------------------+-------+-------+-------+-------+-------+-------+-------+-------+-------++-------
Melee: Falchion          |    85 |    23 |       |       |       |       |       |       |       ||   108
       Headbutt          |    10 |    25 |    39 |   128 |   240 |   316 |   482 |   432 |  2273 ||  3945
       Great sword       |       |   109 |   124 |       |       |       |       |       |  1842 ||  2075
       Scimitar          |       |       |    40 |   457 |   748 |   850 |   501 |       |       ||  2596
       Double sword      |       |       |       |       |       |       |   625 |  1065 |  3764 ||  5454
       Peck              |       |       |       |       |       |       |       |       |  1592 ||  1592
       Demon blade       |       |       |       |       |       |       |       |       |   152 ||   152
       Eudemon blade     |       |       |       |       |       |       |       |       |    29 ||    29
 Fire: Hand crossbow     |       |       |       |       |       |    97 |    22 |    29 |   144 ||   292
Throw: Javelin           |       |       |       |       |       |     2 |       |       |     3 ||     5
 Cast: Regeneration      |       |       |       |       |       |       |       |       |    89 ||    89
       Song of Slaying   |       |       |       |       |       |       |       |       |    21 ||    21
       Summon Butterflie |       |       |       |       |       |       |       |       |     6 ||     6
       Monstrous Menager |       |       |       |       |       |       |       |       |     6 ||     6
       Spectral Weapon   |       |       |       |       |       |       |       |       |     3 ||     3
       Animate Dead      |       |       |       |       |       |       |       |       |     2 ||     2
       Aura of Abjuratio |       |       |       |       |       |       |       |       |     2 ||     2
Invok: Upheaval          |       |       |     4 |     5 |    19 |    10 |     1 |     1 |    29 ||    69
       Elemental Force   |       |       |       |       |     3 |     3 |     1 |     1 |     4 ||    12
       Disaster Area     |       |       |       |       |     6 |    10 |     9 |     6 |    71 ||   102
 Abil: Evoke Flight      |       |       |       |       |     1 |       |       |       |       ||     1
Evoke: Phantom mirror    |       |       |       |       |       |       |       |       |     1 ||     1
       Wand              |       |       |       |       |       |       |       |       |     3 ||     3
  Use: Scroll            |       |     8 |     8 |     7 |    15 |    13 |    14 |    22 |   107 ||   194
       Potion            |       |     1 |     1 |     2 |     4 |     1 |       |     3 |    38 ||    50
 Stab: Sleeping          |       |     2 |       |       |       |       |       |       |       ||     2
       Invisible         |       |       |       |     1 |       |       |       |     4 |     2 ||     7
       Distracted        |       |       |       |       |     1 |     3 |       |       |     4 ||     8
       Confused          |       |       |       |       |       |       |     1 |       |     1 ||     2
  Eat: Chunk             |     1 |     9 |    13 |    13 |    34 |    15 |    22 |    19 |    35 ||   161
       Ration            |       |     1 |       |     2 |     2 |    10 |     3 |     4 |    39 ||    61
Armor: Robe              |     7 |       |       |       |       |       |       |       |       ||     7
       Chain mail        |    13 |       |       |       |       |       |       |       |       ||    13
       Ring mail         |       |    56 |    55 |    94 |       |       |       |       |       ||   205
       Plate armour      |       |       |       |    50 |   341 |   361 |       |       |       ||   752
       Gold dragon scale |       |       |       |       |       |    16 |   444 |   332 |  2217 ||  3009
Dodge: Dodged            |    58 |    86 |   118 |   154 |   243 |   460 |   492 |   653 |  4327 ||  6591
       Deflected         |       |       |       |     5 |    16 |   117 |    38 |    38 |   181 ||   395
Block: Other             |       |     2 |    27 |    53 |       |       |       |       |   659 ||   741
       Buckler           |       |       |       |   101 |   499 |   552 |   678 |   561 |  2888 ||  5279
       Shield            |       |       |       |       |       |       |       |       |  2208 ||  2208
       Reflection        |       |       |       |       |       |       |       |       |    52 ||    52
       Rpst.: Falchion   |    16 |     2 |       |       |       |       |       |       |       ||    18
       Great sword       |       |    20 |    16 |       |       |       |       |       |   290 ||   326
       Scimitar          |       |       |     6 |    43 |    47 |    72 |    32 |       |       ||   200
       Double sword      |       |       |       |       |       |       |    59 |   105 |   385 ||   549
       Demon blade       |       |       |       |       |       |       |       |       |    10 ||    10
       Eudemon blade     |       |       |       |       |       |       |       |       |     4 ||     4

Table legend:
 A = Non-vault XP
 B = Vault XP
 C = Vault XP percentage of total XP
 D = Non-vault monster count
 E = Vault monster count
 F = Vault count percentage of total count
                 A         B        C        D         E       F
            +---------+---------+-------+---------+---------+-------
      Total | 2751996 | 1566116 |  36.3 |    3984 |    1504 |  27.4
            +---------+---------+-------+---------+---------+-------
        D:1 |      70 |       4 |   5.4 |      31 |       3 |   8.8
        D:2 |      69 |       0 |   0.0 |      15 |       0 |   0.0
        D:3 |     100 |      78 |  43.8 |      26 |      13 |  33.3
        D:4 |     136 |     216 |  61.4 |       8 |       4 |  33.3
        D:5 |     387 |     816 |  67.8 |      27 |       5 |  15.6
        D:6 |     570 |     580 |  50.4 |      12 |      14 |  53.8
        D:7 |    1227 |     129 |   9.5 |      16 |       2 |  11.1
        D:8 |     717 |    5465 |  88.4 |      11 |      22 |  66.7
        D:9 |    4797 |     537 |  10.1 |      31 |       9 |  22.5
       D:10 |    3694 |     853 |  18.8 |      31 |       1 |   3.1
       D:11 |    3052 |    4304 |  58.5 |      29 |      15 |  34.1
       D:12 |    5420 |       0 |   0.0 |      33 |       0 |   0.0
       D:13 |    1086 |    6991 |  86.6 |       5 |      10 |  66.7
       D:14 |    6993 |    1704 |  19.6 |      23 |       3 |  11.5
       D:15 |   15695 |    5919 |  27.4 |      38 |       7 |  15.6
     Lair:1 |    6511 |       0 |   0.0 |      30 |       0 |   0.0
     Lair:2 |    3303 |     316 |   8.7 |      21 |       2 |   8.7
     Lair:3 |    2123 |    1542 |  42.1 |      10 |       9 |  47.4
     Lair:4 |    8511 |       0 |   0.0 |      24 |       0 |   0.0
     Lair:5 |    3875 |     679 |  14.9 |      17 |       3 |  15.0
     Lair:6 |    8892 |   10633 |  54.5 |      21 |      35 |  62.5
   Shoals:1 |   12512 |       0 |   0.0 |      31 |       0 |   0.0
   Shoals:2 |    9830 |    6829 |  41.0 |      19 |       6 |  24.0
   Shoals:3 |   19041 |    9732 |  33.8 |      35 |       7 |  16.7
   Shoals:4 |    9147 |   23033 |  71.6 |      19 |      32 |  62.7
    Snake:1 |   17684 |    8455 |  32.3 |      34 |       5 |  12.8
    Snake:2 |   13291 |   13429 |  50.3 |      26 |      13 |  33.3
    Snake:3 |   23838 |    1002 |   4.0 |      41 |       2 |   4.7
    Snake:4 |   15869 |   43645 |  73.3 |      34 |      64 |  65.3
    Slime:1 |    4594 |       0 |   0.0 |      10 |       0 |   0.0
    Slime:3 |   11386 |       0 |   0.0 |      17 |       0 |   0.0
    Slime:4 |   13756 |       0 |   0.0 |      25 |       0 |   0.0
    Slime:5 |    6061 |   37467 |  86.1 |       7 |      15 |  68.2
      Orc:1 |    5231 |       0 |   0.0 |      39 |       0 |   0.0
      Orc:2 |    2706 |    8438 |  75.7 |      35 |      52 |  59.8
      Elf:1 |   18065 |    7828 |  30.2 |      30 |      15 |  33.3
      Elf:2 |   14718 |   23441 |  61.4 |      24 |      27 |  52.9
      Elf:3 |   12757 |   58039 |  82.0 |      27 |      40 |  59.7
   Vaults:1 |   37037 |   25944 |  41.2 |      61 |      37 |  37.8
   Vaults:2 |   27744 |   20118 |  42.0 |      48 |      27 |  36.0
   Vaults:3 |   31341 |   10492 |  25.1 |      50 |      15 |  23.1
   Vaults:4 |   21957 |   25635 |  53.9 |      32 |      31 |  49.2
   Vaults:5 |   15601 |  142247 |  90.1 |      17 |      96 |  85.0
    Crypt:1 |   37774 |       0 |   0.0 |      58 |       0 |   0.0
    Crypt:2 |   39665 |       0 |   0.0 |      48 |       0 |   0.0
    Crypt:3 |   46199 |   55258 |  54.5 |      54 |      86 |  61.4
   Depths:1 |   58367 |    8703 |  13.0 |      76 |       7 |   8.4
   Depths:2 |   39085 |    6507 |  14.3 |      49 |       6 |  10.9
   Depths:3 |   33080 |   45065 |  57.7 |      38 |      25 |  39.7
   Depths:4 |       0 |  202199 | 100.0 |       0 |     137 | 100.0
   Depths:5 |    2122 |  114761 |  98.2 |       1 |     116 |  99.1
       Hell |   25099 |   36727 |  59.4 |      20 |      51 |  71.8
      Geh:1 |    4494 |       0 |   0.0 |      13 |       0 |   0.0
      Geh:2 |   51766 |       0 |   0.0 |     130 |       0 |   0.0
      Geh:3 |   18066 |       0 |   0.0 |      35 |       0 |   0.0
      Geh:4 |   49788 |       0 |   0.0 |      87 |       0 |   0.0
      Geh:5 |   18260 |       0 |   0.0 |      42 |       0 |   0.0
      Geh:6 |   33498 |    2558 |   7.1 |      73 |       5 |   6.4
      Geh:7 |   55164 |   87510 |  61.3 |      80 |      49 |  38.0
      Tar:1 |   73731 |       0 |   0.0 |     102 |       0 |   0.0
      Tar:2 |   32816 |       0 |   0.0 |      51 |       0 |   0.0
      Tar:3 |   43017 |       0 |   0.0 |      67 |       0 |   0.0
      Tar:4 |   42382 |     381 |   0.9 |      39 |       1 |   2.5
      Tar:5 |   62322 |       0 |   0.0 |      82 |       0 |   0.0
      Tar:6 |   60445 |   29311 |  32.7 |      96 |      27 |  22.0
      Tar:7 |   99653 |   80724 |  44.8 |     127 |      49 |  27.8
      Zot:1 |   55446 |    5775 |   9.4 |      27 |       2 |   6.9
      Zot:2 |   89289 |   17665 |  16.5 |      55 |      13 |  19.1
      Zot:3 |   50800 |       0 |   0.0 |      28 |       0 |   0.0
      Zot:4 |   63527 |   45678 |  41.8 |      35 |      24 |  40.7
      Zot:5 |   67085 |  164909 |  71.1 |      38 |      44 |  53.7
    Abyss:1 |   44342 |    2597 |   5.5 |     113 |       5 |   4.2
    Abyss:2 |    2969 |    1484 |  33.3 |       6 |       4 |  40.0
    Abyss:3 |   33392 |   18164 |  35.2 |      74 |      10 |  11.9
        Pan |  109338 |   82631 |  43.0 |     108 |      56 |  34.1
      Zig:1 |    1053 |       0 |   0.0 |       3 |       0 |   0.0
      Zig:2 |     885 |       0 |   0.0 |       3 |       0 |   0.0
      Zig:3 |    3234 |       0 |   0.0 |       5 |       0 |   0.0
      Zig:4 |    2242 |       0 |   0.0 |      16 |       0 |   0.0
      Zig:5 |    7210 |       0 |   0.0 |       5 |       0 |   0.0
      Zig:6 |    9448 |       0 |   0.0 |      10 |       0 |   0.0
      Zig:7 |    6679 |       0 |   0.0 |      18 |       0 |   0.0
      Zig:8 |    9285 |       0 |   0.0 |      13 |       0 |   0.0
      Zig:9 |   18298 |    2438 |  11.8 |      11 |       4 |  26.7
     Zig:10 |   20895 |       0 |   0.0 |      19 |       0 |   0.0
     Zig:11 |   18753 |       0 |   0.0 |      22 |       0 |   0.0
     Zig:12 |   31344 |       0 |   0.0 |      16 |       0 |   0.0
     Zig:13 |   14964 |    2768 |  15.6 |      30 |       4 |  11.8
     Zig:14 |   37414 |       0 |   0.0 |      25 |       0 |   0.0
     Zig:15 |   27869 |       0 |   0.0 |      29 |       0 |   0.0
     Zig:16 |   26921 |       0 |   0.0 |      64 |       0 |   0.0
     Zig:17 |   38331 |       0 |   0.0 |      45 |       0 |   0.0
     Zig:18 |   43020 |       0 |   0.0 |      56 |       0 |   0.0
     Zig:19 |   45376 |       0 |   0.0 |      35 |       0 |   0.0
     Zig:20 |   50225 |       0 |   0.0 |      60 |       0 |   0.0
     Zig:21 |   49497 |       0 |   0.0 |      74 |       0 |   0.0
     Zig:22 |   84730 |       0 |   0.0 |      61 |       0 |   0.0
     Zig:23 |   56783 |       0 |   0.0 |      60 |       0 |   0.0
     Zig:24 |   58964 |       0 |   0.0 |     105 |       0 |   0.0
     Zig:25 |   55289 |    1071 |   1.9 |      74 |       2 |   2.6
     Zig:26 |   94855 |       0 |   0.0 |      76 |       0 |   0.0
     Zig:27 |   74057 |       0 |   0.0 |      77 |       0 |   0.0
      Sewer |       0 |     235 | 100.0 |       0 |      20 | 100.0
      IceCv |       0 |    9656 | 100.0 |       0 |      52 | 100.0
     WizLab |       0 |   27425 | 100.0 |       0 |      52 | 100.0
   Gauntlet |       0 |    7376 | 100.0 |       0 |      12 | 100.0
            +---------+---------+-------+---------+---------+-------
